Workbook
Name test_march_2017_v1: INPUT!$A$2:$A$51
Name test_march_v3: INPUT!$A$52:$A$97

Sheet INPUT
B1: 42795
A2: Beutel Goodman Balanced D | B2: 0.1443
A3: Beutel Goodman Canadian Dividend B | B3: 0.1847
A4: Black Creek Global Leaders A | B4: 0.1527
A5: Black Creek International Eqty Cl A | B5: 0.1831
A6: BlueBay Global conv bd (Cdn) Adv | B6: 0.0635
A7: BMO Balanced Yield Plus ETF Pt-Adv | B7: 0.0724
A8: BMO Fixed Inc Yld Plus ETF Port-Adv | B8: 0.0168
A9: BMO Fixed Income ETF Portfolio -Adv | B9: 0.01
A10: BMO Global Infrastructure Fd - Adv | B10: 0.121
A11: BMO North American Dividend - Adv | B11: 0.1423
A12: BMO Resource Fund - Advisor | B12: 0.2416
A13: BMO Tactical Dividend ETF - Adv | B13: 0.1225
... A97: Vanguard Can Aggregate Bd In | B97: 0.0117

Sheet BASE
A1: CIES | B1: CODE | C1: grade CD | D1: TYPE | E1: NOM | F1: 42094 | G1: 42124 | H1: 42155 | I1: 42185 | J1: 42216 | K1: 42247 | L1: 42277 | M1: 42308 | N1: 42338 | O1: 42369 | P1: 42400 | Q1: 42429 | R1: 42460 | S1: 42490 | T1: 42521 | U1: 42551 | V1: 42582 | W1: 42613 | X1: 42643 | Y1: 42674 | Z1: 42704 | AA1: 42735 | AB1: 42766 | AC1: 42794 | AD1: 42825 | AE1: 42855 | AF1: 42886 | AG1: 42916 | AH1: 42947 | AI1: 42978
A2: AGF | B2: AGF1235 | D2: GFIB | E2: AGF Elements Yields Cat Q | AH2: 0.0115 | AI2: 0.0124 | AQ2: =AVERAGE(F2:AP2) -> 0.01195
C3: a | D3: TB | E3: CI Cambridge Revenu Élevé | Q3: -0.0398 | R3: -0.0262 | S3: -0.0044 | T3: -0.0009 | U3: -0.0026 | V3: 0.0098 | W3: 0.0356 | X3: 0.0561 | Y3: 0.0317 | Z3: 0.0187 | AA3: 0.0428 | AB3: 0.0543 | AC3: 0.0827 | AD3: =INPUT!B17 -> 0.0712 | AE3: 0.1012 | AF3: 0.0844 | AG3: 0.0606 | AH3: 0.0214 | AI3: 0.0324 | AQ3: =AVERAGE(F3:AP3) -> 0.033105263
B4: CIG11462 | C4: a | D4: CDIE | E4: CI Cambridge Dividendes Canadiens | R4: 0.0195 | S4: 0.0532 | T4: 0.0523 | U4: 0.0702 | V4: 0.075 | W4: 0.1018 | X4: 0.1184 | Y4: 0.0901 | Z4: 0.1259 | AA4: 0.1623 | AB4: 0.1828 | AC4: 0.1627 | AD4: =INPUT!B16 -> 0.1287 | AE4: 0.1414 | AF4: 0.1155 | AG4: 0.111 | AH4: 0.0753 | AI4: 0.0844 | AQ4: =AVERAGE(F4:AP4) -> 0.10391667
B5: CIG1425 | C5: c | D5: CE | E5: CI Placements Canadiens | N5: -0.0183 | O5: -0.0398 | P5: -0.0598 | Q5: -0.1217 | R5: -0.0683 | S5: -0.0698 | T5: -0.038 | U5: -0.0345 | V5: -0.0027 | W5: 0.0581 | X5: 0.1013 | Y5: 0.0553 | Z5: 0.0751 | AA5: 0.1304 | AB5: 0.1623 | AC5: 0.2083 | AD5: =INPUT!B20 -> 0.1625 | AE5: 0.1633 | AF5: 0.1304 | AG5: 0.1423 | AH5: 0.0873 | AI5: 0.0694 | AQ5: =AVERAGE(F5:AP5) -> 0.049686364
A6: CI | B6: CIG1812 | D6: USE | E6: Cambridge CI Actions américaines | Y6: 0.0117 | Z6: 0.0868 | AA6: 0.1094 | AB6: 0.1867 | AC6: 0.2417 | AD6: =INPUT!B19 -> 0.1688 | AE6: 0.2468 | AF6: 0.1438 | AG6: 0.1141 | AH6: 0.0568 | AI6: 0.0527 | AQ6: =AVERAGE(F6:AP6) -> 0.12902727
B7: CIG7745 | C7: b | D7: GFIB | E7: CI Série Portefeuille de revenu | M7: 0.0502 | N7: 0.0363 | O7: 0.0447 | P7: -0.0139 | Q7: -0.0232 | R7: -0.0131 | S7: -0.0006 | T7: 0.0111 | U7: 0.0313 | V7: 0.0277 | W7: 0.0532 | X7: 0.062 | Y7: 0.0463 | Z7: 0.0331 | AA7: 0.0352 | AB7: 0.0342 | AC7: 0.069 | AD7: =INPUT!B22 -> 0.0635 | AE7: 0.0896 | AF7: 0.0701 | AG7: 0.0444 | AH7: 0.009 | AI7: 0.0113 | AQ7: =AVERAGE(F7:AP7) -> 0.03353913
A8: Dynamique | B8: DYN316 | C8: a | D8: CNB | E8: Dyn Fonds de revenu de dividendes | F8: 0.07979 | I8: 0.187 | J8: 0.047 | K8: 0.0029 | L8: 0.0109 | M8: 0.0272 | N8: 0.0293 | O8: 0.0344 | P8: 0.0029 | Q8: -0.0364 | R8: -0.0161 | S8: -0.0111 | T8: -0.0016 | U8: 0.0188 | V8: 0.0136 | W8: 0.0375 | X8: 0.0448 | Y8: 0.0289 | Z8: 0.0196 | AA8: 0.0275 | AB8: 0.0269 | AC8: 0.0806 | AD8: =INPUT!B25 -> 0.0757 | AE8: 0.1072 | AF8: 0.0833 | AG8: 0.0486 | AH8: 0.0183 | AI8: 0.0212 | AQ8: =AVERAGE(F8:AP8) -> 0.036024643
B9: DYN729 | C9: a | D9: CDIE | E9: Dyn Actions productives de revenus * | F9: 0.03387 | G9: 0.05384 | H9: 0.03457 | I9: 0.00746 | J9: 0.036 | K9: -0.0269 | L9: -0.0126 | M9: 0.0373 | N9: 0.0374 | O9: 0.016 | P9: -0.0009 | Q9: -0.0412 | R9: 0.0218 | S9: 0.0197 | T9: 0.0502 | U9: 0.0682 | V9: 0.0833 | W9: 0.1212 | X9: 0.1359 | Y9: 0.0797 | Z9: 0.0931 | AA9: 0.1381 | AB9: 0.1423 | AC9: 0.1816 | AD9: =INPUT!B27 -> 0.1397 | AE9: 0.1609 | AF9: 0.1416 | AG9: 0.1263 | AH9: 0.0872 | AI9: 0.0932 | AQ9: =AVERAGE(F9:AP9) -> 0.068628
B10: DYN1562 | C10: c | D10: GNB | E10: Dyn Rendement stratégique | F10: 0.08092 | G10: 0.03576 | H10: 0.03736 | J10: 0.042 | K10: 0.0117 | L10: 0.0189 | M10: 0.0329 | N10: 0.0357 | O10: 0.0465 | P10: 0.0083 | Q10: -0.03 | R10: -0.0165 | S10: -0.0042 | T10: 0.003 | U10: 0.0171 | V10: 0.0102 | W10: 0.0306 | X10: 0.0391 | Y10: 0.0276 | Z10: 0.0204 | AA10: 0.0228 | AB10: 0.0227 | AC10: 0.078 | AD10: =INPUT!B35 -> 0.0794 | AE10: 0.1077 | AF10: 0.0834 | AG10: 0.0524 | AH10: 0.0235 | AI10: 0.0273 | AQ10: =AVERAGE(F10:AP10) -> 0.032570345
B11: DYN2474 | C11: b | D11: GEB | E11: Dyn Revenu mensuel américain | I11: 0.187 | J11: 0.247 | K11: 0.1772 | L11: 0.1662 | M11: 0.1308 | N11: 0.1223 | O11: 0.1126 | P11: 0.0477 | Q11: -0.0128 | R11: -0.0041 | S11: 0.0445 | T11: 0.0318 | U11: 0.0316 | V11: 0.0089 | W11: 0.0435 | X11: 0.0545 | Y11: 0.0424 | Z11: 0.0625 | AA11: 0.0557 | AB11: 0.0709 | AC11: 0.1183 | AD11: =INPUT!B37 -> 0.0871 | AE11: 0.0905 | AF11: 0.0438 | AG11: 0.0198 | AH11: -0.0195 | AI11: -0.0415 | AQ11: =AVERAGE(F11:AP11) -> 0.071062963
B12: DYN1662 | C12: a | D12: GEB | E12: Dyn Mondial répartition actifs | F12: 0.17581 | J12: 0.255 | K12: 0.2077 | L12: 0.1772 | M12: 0.1938 | N12: 0.1849 | O12: 0.232 | P12: 0.1196 | Q12: 0.0528 | R12: 0.0236 | S12: 0.0392 | T12: 0.0499 | U12: 0.0529 | V12: 0.0291 | W12: 0.0599 | X12: 0.0776 | Y12: 0.0509 | Z12: 0.0387 | AA12: -0.0042 | AB12: 0.0036 | AC12: 0.0874 | AD12: =INPUT!B28 -> 0.0865 | AE12: 0.1715 | AF12: 0.1438 | AG12: 0.1129 | AH12: 0.0654 | AI12: 0.0712 | AQ12: =AVERAGE(F12:AP12) -> 0.10217444
C13: z | D13: USE | E13: Dyn Secteurs | L13: 0.187 | N13: 0.0965 | O13: 0.1034 | P13: 0.0231 | Q13: -0.0511 | R13: -0.0506 | S13: -0.0456 | T13: -0.0547 | U13: -0.0182 | V13: -0.0758 | W13: -0.0267 | X13: -0.0221 | Y13: -0.0122 | Z13: -0.0153 | AA13: -0.0315 | AB13: -0.0508 | AC13: 0.0374 | AD13: =INPUT!B38 -> 0.032 | AE13: 0.0991 | AF13: 0.0632 | AG13: 0.0242 | AH13: 0.0097 | AI13: 0.0168 | AQ13: =AVERAGE(F13:AP13) -> 0.01033913
B14: FID2349 | D14: GNB | E14: Fid Étoile du Nord Équilibré | J14: 0.2253 | K14: 0.2019 | L14: 0.1949 | M14: 0.1709 | N14: 0.1681 | O14: 0.196 | P14: 0.0873 | Q14: 0.0482 | R14: 0.02 | S14: 0.0316 | T14: 0.0391 | U14: 0.0373 | V14: 0.0199 | W14: 0.0267 | X14: 0.0315 | Y14: 0.0498 | Z14: 0.0358 | AA14: 0.0084 | AB14: -0.016 | AC14: 0.0499 | AD14: -0.00761 | AE14: 0.1289 | AF14: 0.0807 | AG14: 0.0439 | AH14: -0.0091 | AI14: -0.0085 | AQ14: =AVERAGE(F14:AP14) -> 0.071341923
B15: FID831 | C15: a | D15: CFE | E15: Fid Grande capitalisation Canada | F15: 0.1136 | H15: 0.09777 | J15: 0.0688 | K15: 0.0425 | L15: 0.0391 | M15: 0.0732 | N15: 0.0455 | O15: 0.0338 | P15: 0.0054 | Q15: -0.0082 | R15: 0.0317 | S15: 0.0241 | T15: 0.0534 | U15: 0.0621 | V15: 0.0693 | W15: 0.0986 | X15: 0.1104 | Y15: 0.0797 | Z15: 0.0862 | AA15: 0.0994 | AB15: 0.0751 | AC15: 0.0863 | AD15: 0.0487 | AE15: 0.1115 | AF15: 0.0464 | AG15: 0.0446 | AH15: 0.0065 | AI15: 0.0034 | AQ15: =AVERAGE(F15:AP15) -> 0.058888214
A16: fidelity | B16: FID523 | C16: a | D16: CFE | E16: Fid Dividendes Plus | F16: 0.13673 | G16: 0.11154 | I16: 0.08952 | J16: 0.1147 | K16: 0.0562 | L16: 0.0611 | M16: 0.0609 | N16: 0.0311 | O16: 0.021 | P16: -0.0185 | Q16: -0.0133 | R16: 0.0199 | S16: 0.0259 | T16: 0.0475 | U16: 0.0845 | V16: 0.0685 | W16: 0.0903 | X16: 0.103 | Y16: 0.0751 | Z16: 0.0756 | AA16: 0.0856 | AB16: 0.0636 | AC16: 0.0797 | AD16: =INPUT!B51 -> 0.0562 | AE16: 0.0873 | AF16: 0.0562 | AG16: 0.0147 | AH16: -0.0131 | AI16: -0.0001 | AQ16: =AVERAGE(F16:AP16) -> 0.057634138
B17: FID255 | C17: d | D17: HYFI | E17: Fid Titres US rendement élevé * | J17: 0.2061 | K17: 0.1749 | L17: 0.1529 | M17: 0.1305 | N17: 0.1251 | O17: 0.1298 | P17: 0.0265 | Q17: -0.0174 | R17: -0.0291 | S17: 0.0002 | T17: 0.0237 | U17: 0.0233 | V17: 0.0202 | W17: 0.0482 | X17: 0.0684 | Y17: 0.083 | Z17: 0.072 | AA17: 0.0786 | AB17: 0.0628 | AC17: 0.1387 | AD17: =INPUT!B46 -> 0.1459 | AE17: 0.1918 | AF17: 0.1317 | AG17: 0.0979 | AH17: 0.038 | AI17: 0.0149 | AQ17: =AVERAGE(F17:AP17) -> 0.082253846
B18: FID1634 | D18: CFI | E18: Fid Obligations de sociétés | J18: 0.0286 | K18: 0.0028 | L18: 0.0051 | M18: 0.0026 | N18: -0.0046 | O18: -0.0068 | P18: -0.0457 | Q18: -0.0531 | R18: -0.0293 | S18: -0.0051 | T18: -0.0016 | U18: 0.0171 | V18: 0.019 | W18: 0.0471 | X18: 0.0588 | Y18: 0.0532 | Z18: 0.035 | AA18: 0.0397 | AB18: 0.0556 | AC18: 0.0736 | AD18: =INPUT!B50 -> 0.0538 | AE18: 0.0528 | AF18: 0.0534 | AG18: 0.0311 | AH18: 0.0097 | AI18: 0.0118 | AQ18: =AVERAGE(F18:AP18) -> 0.019407692
B19: FID569 | C19: a | D19: CNB | E19: Fid Revenu Mensuel | F19: 0.08357 | J19: 0.2228 | K19: 0.0237 | L19: 0.0246 | M19: 0.0354 | N19: 0.0174 | O19: 0.0115 | P19: -0.0199 | Q19: -0.0268 | R19: 0.0015 | S19: 0.0062 | T19: 0.021 | U19: 0.0435 | V19: 0.046 | W19: 0.0701 | X19: 0.0846 | Y19: 0.0617 | Z19: 0.0557 | AA19: 0.0655 | AB19: 0.0637 | AC19: 0.0738 | AD19: 0.05437 | AE19: 0.0738 | AF19: 0.0482 | AG19: 0.03 | AH19: 0.0061 | AI19: 0.0058 | AQ19: =AVERAGE(F19:AP19) -> 0.043845926
B20: FID1522 | D20: GNB | E20: Fid Revenu Mensuel Mondial | O20: 0.1682 | P20: 0.0568 | Q20: 0.0172 | R20: 0.0162 | S20: 0.0259 | T20: 0.042 | U20: 0.0446 | V20: 0.0288 | W20: 0.0586 | X20: 0.0696 | Y20: 0.0557 | AA20: 0.0046 | AB20: -0.0019 | AC20: 0.0714 | AD20: 0.07465 | AE20: 0.1457 | AF20: 0.1 | AG20: 0.0691 | AH20: -0.0054 | AI20: 0.0073 | AQ20: =AVERAGE(F20:AP20) -> 0.0524525
A21: Mackenzie | B21: MRD236 | D21: CFIB | E21: Mack revenu Mackenzie | J21: 0.0496 | K21: 0.0204 | L21: 0.0231 | M21: 0.0341 | N21: 0.0194 | O21: 0.0206 | P21: -0.0263 | Q21: -0.038 | R21: -0.0116 | S21: -0.0052 | T21: 0.0053 | U21: 0.0303 | V21: 0.0315 | W21: 0.0618 | X21: 0.0771 | Y21: 0.0603 | Z21: 0.0563 | AA21: 0.0612 | AB21: 0.0633 | AC21: 0.0853 | AD21: 0.041 | AE21: 0.089 | AF21: 0.0738 | AG21: 0.0498 | AH21: 0.0145 | AI21: 0.0185 | AQ21: =AVERAGE(F21:AP21) -> 0.034811538
B22: MFC1870 | D22: GFI | E22: Mack Symétrie Revenu Fix | AH22: -0.0172 | AI22: -0.0088
B23: MFC3979 | D23: GFIB | E23: Mack Symétrie Revenu Prudent | AH23: 0.0127 | AI23: 0.0177
B24: MFC2891 | D24: GEB | E24: Mack Symétrie Croissance | AH24: 0.0641 | AI24: 0.06
B25: MFC1192 | D25: PME | E25: Mack Métaux précieux | AB25: 0.7418 | AC25: 0.3578 | AD25: 0.01 | AE25: 0.0097 | AF25: 0.0607 | AG25: -0.1774 | AH25: -0.2758 | AI25: 0.0606 | AQ25: =AVERAGE(F25:AP25) -> 0.098425
B26: RBF890 | C26: z | D26: HYFI | E26: RBC Obligations mondiales convertibles Blue Bay | F26: 0.04956 | G26: 0.0725 | H26: 0.07826 | I26: 0.06295 | J26: 0.072 | K26: 0.0266 | L26: 0.0311 | M26: 0.0578 | N26: 0.0365 | O26: 0.029 | P26: -0.0313 | Q26: -0.0687 | R26: -0.0547 | S26: -0.0704 | T26: -0.0699 | U26: -0.0689 | V26: -0.0409 | W26: -0.0029 | X26: 0.0149 | Y26: -0.0201 | Z26: -0.0272 | AA26: 0.0055 | AB26: 0.0541 | AC26: 0.081 | AD26: =INPUT!B6 -> 0.0635 | AE26: 0.0643 | AF26: 0.0667 | AG26: 0.072 | AH26: 0.0487 | AI26: 0.0376 | AQ26: =AVERAGE(F26:AP26) -> 0.018985667
B27: RBF6340 | D27: CFI | E27: PH&N obligations rendement global | Y27: 0.0539 | Z27: 0.0318 | AA27: 0.0175 | AB27: 0.0142 | AC27: 0.0222 | AD27: 0.025 | AE27: 0.0268 | AF27: 0.0259 | AG27: -0.0032 | AH27: -0.031 | AI27: -0.0188 | AQ27: =AVERAGE(F27:AP27) -> 0.014936364
B28: RBF850 | D28: CFI | E28: RBC d'obligations Cseil | Y28: 0.0593 | Z28: 0.0358 | AA28: 0.0227 | AB28: 0.0198 | AC28: 0.03 | AD28: 0.0312 | AE28: 0.0348 | AF28: 0.0331 | AG28: 0.0041 | AH28: -0.0272 | AI28: -0.0162 | AQ28: =AVERAGE(F28:AP28) -> 0.020672727
B29: RBF129 | C29: e | D29: USE | E29: RBC Americain de dividendes | J29: 0.292 | K29: 0.1745 | L29: 0.1443 | M29: 0.1671 | N29: 0.1422 | O29: 0.1643 | P29: 0.0695 | Q29: -0.0103 | R29: 0.0111 | S29: 0.0108 | T29: 0.0287 | U29: 0.0489 | V29: 0.0355 | W29: 0.099 | X29: 0.0981 | Y29: 0.0479 | Z29: 0.0707 | AA29: 0.0669 | AB29: 0.0721 | AC29: 0.1922 | AD29: 0.17446 | AE29: 0.2546 | AF29: 0.1827 | AG29: 0.1504 | AH29: 0.0834 | AI29: 0.0874 | AQ29: =AVERAGE(F29:AP29) -> 0.10994077
B30: RBF856 | D30: CDIE | E30: RBC Revenu d'actions canadiennes | AB30: 0.2306 | AC30: 0.2457 | AD30: 0.12 | AE30: 0.1582 | AF30: 0.1193 | AG30: 0.12 | AH30: 0.0896 | AI30: 0.0827 | AQ30: =AVERAGE(F30:AP30) -> 0.1457625
A31: Royal RBC | B31: RBF840 | C31: b | D31: GNB | E31: RBC Portefeuille prudence | F31: 0.10025 | G31: 0.09237 | H31: 0.06805 | I31: -0.0099 | J31: 0.081 | L31: 0.0369 | M31: 0.0513 | N31: 0.04 | O31: 0.0406 | P31: -0.0084 | Q31: -0.0351 | R31: -0.0094 | S31: -0.0025 | T31: 0.0104 | U31: 0.0241 | V31: 0.0247 | W31: 0.0574 | X31: 0.0715 | Y31: 0.0445 | Z31: 0.0347 | AA31: 0.0411 | AB31: 0.054 | AC31: 0.0828 | AD31: =INPUT!B53 -> 0.0637 | AE31: 0.0889 | AF31: 0.0715 | AG31: 0.0548 | AH31: 0.0212 | AI31: 0.0253 | AQ31: =AVERAGE(F31:AP31) -> 0.041923103
B32: RBF780 | C32: d | D32: IE | E32: RBC Mondial croissance dividendes | J32: 0.25 | L32: 0.1515 | M32: 0.1885 | N32: 0.1689 | O32: 0.1981 | P32: 0.034 | Q32: -0.0606 | R32: -0.039 | S32: -0.0418 | T32: -0.0365 | U32: -0.0583 | V32: -0.0566 | W32: 0.0107 | X32: 0.0361 | Y32: -0.0253 | Z32: -0.0401 | AA32: -0.0455 | AB32: 0.008 | AC32: 0.1119 | AD32: 0.13 | AE32: 0.1855 | AF32: 0.1507 | AG32: 0.14 | AH32: 0.0887 | AI32: 0.0785 | AQ32: =AVERAGE(F32:AP32) -> 0.061096
B33: RBF848 | C33: c | D33: EE | E33: RBC Actions Européennes | M33: 0.2134 | N33: 0.1913 | O33: 0.242 | P33: 0.0972 | Q33: -0.0084 | R33: 0.0077 | S33: -0.0151 | T33: -0.0076 | U33: -0.0407 | V33: -0.0592 | W33: -0.0075 | X33: -0.0014 | Y33: -0.0829 | Z33: -0.1352 | AA33: -0.1261 | AB33: -0.0917 | AC33: -0.0095 | AD33: 0.05 | AE33: 0.0568 | AF33: 0.1103 | AG33: 0.108 | AH33: 0.0423 | AI33: 0.0628 | AQ33: =AVERAGE(F33:AP33) -> 0.025934783
B34: NCE117 | C34: a | D34: CDIE | E34: Sen Revenu Canadien | F34: 0.14416 | G34: 0.11581 | H34: 0.10925 | I34: 0.07465 | J34: 0.099 | K34: 0.0229 | L34: 0.0205 | M34: 0.0296 | N34: 0.0188 | O34: 0.0037 | P34: -0.0262 | Q34: -0.042 | R34: -0.0068 | S34: -0.005 | T34: 0.0134 | U34: 0.0347 | V34: 0.0352 | W34: 0.0731 | X34: 0.0876 | Y34: 0.0605 | Z34: 0.066 | AA34: 0.0949 | AB34: 0.0803 | AC34: 0.0998 | AD34: =INPUT!B70 -> 0.0693 | AE34: 0.0803 | AF34: 0.0674 | AG34: 0.0562 | AH34: 0.0192 | AI34: 0.0132 | AQ34: =AVERAGE(F34:AP34) -> 0.050315667
A35: Sentry | B35: NCE305 | D35: REE | E35: Sen Placement immobilier | J35: 0.103 | K35: 0.0328 | L35: 0.0799 | M35: 0.0816 | N35: 0.0408 | O35: 0.048 | P35: -0.0507 | Q35: -0.0645 | R35: -0.018 | S35: -0.0191 | T35: 0.0105 | U35: 0.0515 | V35: 0.0633 | W35: 0.0899 | X35: 0.066 | Y35: -0.0142 | Z35: -0.0004 | AA35: 0.032 | AB35: 0.0545 | AC35: 0.0993 | AD35: =INPUT!B72 -> 0.0338 | AE35: 0.0614 | AF35: 0.0488 | AG35: 0.0218 | AH35: -0.0349 | AI35: -0.0066 | AQ35: =AVERAGE(F35:AP35) -> 0.031173077
B36: NCE330 | D36: GE | E36: Sen Infrastructures | J36: 0.106 | K36: -0.0015 | L36: -0.0402 | M36: 0.0021 | N36: -0.0179 | O36: -0.0477 | P36: -0.0983 | Q36: -0.1422 | R36: -0.1032 | S36: -0.1033 | T36: -0.0806 | U36: -0.0633 | V36: -0.0584 | W36: 0.0319 | X36: 0.1193 | Y36: 0.0476 | Z36: 0.0205 | AA36: 0.0814 | AB36: 0.0984 | AC36: 0.1718 | AD36: =INPUT!B71 -> 0.1539 | AE36: 0.1993 | AF36: 0.1866 | AG36: 0.1621 | AH36: 0.1134 | AI36: 0.1038 | AQ36: =AVERAGE(F36:AP36) -> 0.032365385
A37: Manuvie | B37: SLI933S | C37: z | D37: AS | E37: Manu GAR | F37: 0.08773 | G37: 0.08207 | H37: 0.04442 | I37: 0.0615 | J37: 0.0641 | K37: 0.0345 | L37: 0.0151 | M37: 0.03 | N37: 0.0232 | O37: 0.015 | P37: -0.0247 | Q37: -0.051 | R37: -0.0633 | S37: -0.0519 | T37: -0.0467 | U37: -0.0659 | V37: -0.0741 | W37: -0.0486 | X37: -0.0483 | Y37: -0.0579 | Z37: -0.07 | AA37: -0.0413 | AB37: -0.0309 | AC37: -0.0147 | AD37: -0.01 | AE37: -0.0051 | AF37: -0.0145 | AG37: 0.0175 | AH37: 0.021 | AI37: 0.0084 | AQ37: =AVERAGE(F37:AP37) -> -0.007146
B38: MMF4429 | C38: a | D38: CDIE | E38: Manu Revenu de dividendes | R38: 0.0132 | S38: 0.0212 | T38: 0.0452 | U38: 0.0762 | V38: 0.1035 | W38: 0.1595 | X38: 0.1739 | Y38: 0.1399 | Z38: 0.1349 | AA38: 0.1565 | AB38: 0.1849 | AC38: 0.1972 | AD38: 0.1642 | AE38: 0.1517 | AF38: 0.1352 | AG38: 0.1319 | AH38: 0.0852 | AI38: 0.0716 | AQ38: =AVERAGE(F38:AP38) -> 0.11921667
D39: CFIB | E39: Ideal porte conservateur | W39: 0.0358 | X39: 0.0513 | Y39: 0.026 | Z39: 0.0113 | AA39: 0.0161 | AB39: 0.0322 | AC39: 0.0661 | AD39: 0.07 | AE39: 0.0811 | AF39: 0.0714 | AG39: 0.0516 | AH39: 0.0204 | AI39: 0.0195 | AQ39: =AVERAGE(F39:AP39) -> 0.042523077
A40: Méritage | B40: MTG423 | D40: CNB | E40: Méritage revenu équilibré | U40: 0.0226 | V40: 0.0327 | W40: 0.0651 | X40: 0.0824 | Y40: 0.0541 | Z40: 0.0537 | AA40: 0.071 | AB40: 0.0845 | AC40: 0.1063 | AD40: 0.0849 | AE40: 0.092 | AF40: 0.0745 | AG40: 0.0598 | AH40: 0.0276 | AI40: 0.0291 | AQ40: =AVERAGE(F40:AP40) -> 0.062686667
B41: PCA002 | D41: CFI | E41: SEI Revenu Canadien | AC41: 0.0324 | AD41: =INPUT!B66 -> 0.026 | AE41: 0.0411 | AF41: 0.0388 | AG41: 0.0093 | AH41: -0.0183 | AI41: -0.0065 | AQ41: =AVERAGE(F41:AP41) -> 0.017542857
A42: SEI | B42: PCA8055 | D42: HYFI | E42: SEI Obli americ haut-rendement hedged | AC42: 0.2115 | AD42: =INPUT!B69 -> 0.1627 | AE42: 0.1351 | AF42: 0.137 | AG42: 0.1245 | AH42: 0.1076 | AI42: 0.0803 | AQ42: =AVERAGE(F42:AP42) -> 0.13695714
B43: PCA035 | D43: CFIB | E43: SEI Modéré | AC43: 0.1007 | AD43: =INPUT!B67 -> 0.0833 | AE43: 0.0985 | AF43: 0.0812 | AG43: 0.0591 | AH43: 0.0048 | AI43: 0.008 | AQ43: =AVERAGE(F43:AP43) -> 0.062228571
B44: PCA036 | D44: CNB | E44: SEI Équilibré | AC44: 0.1286 | AD44: =INPUT!B65 -> 0.0979 | AE44: 0.1189 | AF44: 0.0987 | AG44: 0.0829 | AH44: 0.0429 | AI44: 0.0441 | AQ44: =AVERAGE(F44:AP44) -> 0.087714286
B45: PCA1004 | D45: USE | E45: SEI US Large Cap | AC45: 0.1858 | AD45: =INPUT!B68 -> 0.1731 | AE45: 0.2457 | AF45: 0.1675 | AG45: 0.1702 | AH45: 0.1012 | AI45: 0.0948 | AQ45: =AVERAGE(F45:AP45) -> 0.16261429
B46: TDB233 | D46: GE | E46: TD Rendement mondial Epoch | F46: 0.1489 | G46: 0.12797 | H46: 0.15159 | I46: 0.11143 | J46: 0.1938 | K46: 0.1128 | L46: 0.1074 | M46: 0.1312 | N46: 0.0998 | O46: 0.1261 | P46: 0.0133 | Q46: -0.0299 | R46: 0.0237 | S46: 0.0091 | T46: 0.0325 | U46: 0.0745 | V46: 0.0307 | W46: 0.0656 | X46: 0.0651 | Y46: 0.018 | Z46: 0.0019 | AA46: 0.0184 | AB46: 0.0058 | AC46: 0.0859 | AD46: =INPUT!B42 -> 0.0784 | AE46: 0.1469 | AF46: 0.1219 | AG46: 0.0628 | AH46: 0.0085 | AI46: 0.0296 | AQ46: =AVERAGE(F46:AP46) -> 0.072456333
A47: TD | B47: TDB2542 | C47: b | D47: GE | E47: TD Mondial a faible volatilité | F47: 0.22483 | G47: 0.16546 | H47: 0.17097 | I47: 0.1416 | J47: 0.1887 | K47: 0.1043 | L47: 0.1084 | M47: 0.1256 | N47: 0.1033 | O47: 0.1265 | P47: 0.0138 | Q47: -0.0274 | R47: 0.0088 | S47: 0.0146 | T47: 0.0343 | U47: 0.0659 | V47: 0.0468 | W47: 0.0975 | X47: 0.1097 | Y47: 0.0588 | Z47: 0.0575 | AA47: 0.0539 | AB47: 0.0614 | AC47: 0.135 | AD47: =INPUT!B84 -> 0.1049 | AE47: 0.086 | AF47: 0.1211 | AG47: 0.0714 | AH47: 0.0243 | AI47: 0.0289 | AQ47: =AVERAGE(F47:AP47) -> 0.087562
B48: TDB2824 | C48: a | D48: USE | E48: TD Américain faible volatilité | J48: 0.3781 | K48: 0.2684 | M48: 0.2487 | N48: 0.2361 | O48: 0.2451 | P48: 0.1393 | Q48: 0.0859 | R48: 0.0878 | S48: 0.1163 | T48: 0.1403 | U48: 0.1729 | V48: 0.1176 | W48: 0.1571 | X48: 0.1358 | Y48: 0.0937 | Z48: 0.1112 | AA48: 0.1169 | AB48: 0.087 | AC48: 0.1788 | AD48: =INPUT!B94 -> 0.157 | AE48: 0.2642 | AF48: 0.1813 | AG48: 0.1082 | AH48: 0.0619 | AI48: 0.05 | AQ48: =AVERAGE(F48:AP48) -> 0.157584
D49: PME | E49: TD Métaux Précieux | AB49: 0.4798 | AC49: 0.1287 | AD49: =INPUT!B88 -> 0.1013 | AE49: -0.12221 | AF49: -0.0539 | AG49: -0.2496 | AH49: -0.3374 | AI49: -0.1819 | AQ49: =AVERAGE(F49:AP49) -> -0.02940125
A50: Renaissance | B50: ATL050 | D50: CFIB | E50: Ren Optimal de revenu | J50: 0.042 | K50: 0.0046 | L50: 0.0123 | M50: 0.0213 | N50: 0.0082 | O50: 0.0101 | P50: -0.038 | Q50: -0.0556 | R50: -0.0203 | S50: -0.0106 | T50: 0.0044 | U50: 0.0252 | V50: 0.0295 | W50: 0.0583 | X50: 0.0745 | Y50: 0.0586 | Z50: 0.0496 | AA50: 0.0616 | AB50: 0.0666 | AC50: 0.0941 | AD50: =INPUT!B61 -> 0.0759 | AE50: 0.0918 | AF50: 0.0817 | AG50: 0.0554 | AH50: 0.0199 | AI50: 0.0251 | AQ50: =AVERAGE(F50:AP50) -> 0.032546154
B51: ATL3696 | D51: HYFI | E51: Ren Revenu Flexible | AD51: 0.08 | AE51: 0.0929 | AG51: 0.0437 | AQ51: =AVERAGE(F51:AP51) -> 0.0722
A52: Tempelton | B52: TML734 | C52: z | D52: GFI | E52: Temp Mondial Obligations Tempelton | P52: -0.001 | Q52: -0.0312 | R52: 0.0255 | S52: -0.0131 | T52: -0.0135 | V52: -0.0038 | W52: 0.0196 | X52: 0.0294 | Y52: 0.0524 | Z52: -0.0085 | AA52: -0.0168 | AB52: -0.0209 | AC52: 0.0593 | AD52: =INPUT!B96 -> 0.0756 | AE52: 0.127 | AF52: 0.1181 | AG52: 0.0567 | AH52: 0.0217 | AI52: 0.0206 | AQ52: =AVERAGE(F52:AP52) -> 0.026163158
B53: TML3252 | D53: GFIB | E53: Temp Revenu Diversifié | J53: 0.0497 | K53: 0.0273 | L53: 0.021 | M53: 0.0264 | N53: 0.0194 | O53: 0.03 | P53: -0.028 | Q53: -0.0529 | R53: -0.0328 | S53: -0.0241 | T53: -0.0154 | U53: 0.0019 | V53: 0.0028 | W53: 0.0308 | X53: 0.0463 | Y53: 0.0363 | Z53: 0.0186 | AC53: 0.0636 | AD53: 0.06 | AE53: 0.0684 | AF53: 0.0567 | AG53: 0.0371 | AH53: 0.0094 | AI53: 0.0112 | AQ53: =AVERAGE(F53:AP53) -> 0.019320833
AQ54: =AVERAGE(F54:AP54) -> #DIV/0!
AQ55: =AVERAGE(F55:AP55) -> #DIV/0!

Sheet 2015-2
E1: type
A3: CIES | B3: NOM | C3: CODE | E3: TYPE | F3: 42124 | G3: 42155 | H3: 42185 | I3: 42216 | J3: 42247 | K3: 42277 | L3: 42308
A4: CI | B4: Revenu Élevé | C4: CIG786 | E4: GNB | F4: =BASE!#REF!-BASE!#REF! -> #REF! | G4: =BASE!#REF!-BASE!#REF! -> #REF! | H4: =BASE!#REF!-BASE!#REF! -> #REF! | I4: =BASE!#REF!-BASE!#REF! -> #REF! | J4: =BASE!#REF!-BASE!#REF! -> #REF! | K4: =BASE!#REF!-BASE!#REF! -> #REF!
B5: Fonds mondial de dividendes | C5: CIG1778 | E5: GE | F5: =BASE!#REF!-BASE!#REF! -> #REF! | G5: =BASE!#REF!-BASE!#REF! -> #REF! | H5: =BASE!#REF!-BASE!#REF! -> #REF! | J5: =BASE!#REF!-BASE!#REF! -> #REF! | K5: =BASE!#REF!-BASE!#REF! -> #REF!
B6: Portefeuille prudent | C6: CIG1775 | E6: GNB | F6: =BASE!#REF!-BASE!#REF! -> #REF! | G6: =BASE!#REF!-BASE!#REF! -> #REF! | H6: =BASE!#REF!-BASE!#REF! -> #REF! | I6: =BASE!#REF!-BASE!#REF! -> #REF! | J6: =BASE!#REF!-BASE!#REF! -> #REF! | K6: =BASE!#REF!-BASE!#REF! -> #REF!
B7: Chefs de file mondiaux Black Creek | C7: CIG11456 | E7: GE | F7: =BASE!#REF!-BASE!#REF! -> #REF! | G7: =BASE!#REF!-BASE!#REF! -> #REF! | H7: =BASE!#REF!-BASE!#REF! -> #REF! | I7: =BASE!#REF!-BASE!#REF! -> #REF! | J7: =BASE!#REF!-BASE!#REF! -> #REF! | K7: =BASE!#REF!-BASE!#REF! -> #REF!
B8: Internationales Black Creek | C8: CIG11168 | E8: IE | F8: =BASE!#REF!-BASE!#REF! -> #REF! | G8: =BASE!#REF!-BASE!#REF! -> #REF! | H8: =BASE!#REF!-BASE!#REF! -> #REF! | I8: =BASE!#REF!-BASE!#REF! -> #REF! | J8: =BASE!#REF!-BASE!#REF! -> #REF! | K8: =BASE!#REF!-BASE!#REF! -> #REF!
B9: Fds mondial de croissance et de revenu | C9: CIG2111 | D9: * | E9: GNB | F9: =BASE!#REF!-BASE!#REF! -> #REF! | G9: =BASE!#REF!-BASE!#REF! -> #REF! | H9: =BASE!#REF!-BASE!#REF! -> #REF! | I9: =BASE!#REF!-BASE!#REF! -> #REF! | J9: =BASE!#REF!-BASE!#REF! -> #REF! | K9: =BASE!#REF!-BASE!#REF! -> #REF!
B10: Rendement diversifié II | C10: CIG11111 | E10: TB | F10: =BASE!#REF!-BASE!#REF! -> #REF! | G10: =BASE!#REF!-BASE!#REF! -> #REF! | H10: =BASE!#REF!-BASE!#REF! -> #REF! | I10: =BASE!#REF!-BASE!#REF! -> #REF! | J10: =BASE!#REF!-BASE!#REF! -> #REF! | K10: =BASE!#REF!-BASE!#REF! -> #REF!
B11: Portefeuille Équilibré | C11: CIG7710 | E11: GEB | F11: =BASE!#REF!-BASE!#REF! -> #REF! | G11: =BASE!#REF!-BASE!#REF! -> #REF! | H11: =BASE!#REF!-BASE!#REF! -> #REF! | I11: =BASE!#REF!-BASE!#REF! -> #REF! | J11: =BASE!#REF!-BASE!#REF! -> #REF! | K11: =BASE!#REF!-BASE!#REF! -> #REF!
B12: Mondial Infrastructure | C12: DYN2211 | E12: GEB | F12: =BASE!#REF!-BASE!#REF! -> #REF! | G12: =BASE!#REF!-BASE!#REF! -> #REF! | H12: =BASE!#REF!-BASE!#REF! -> #REF! | I12: =BASE!#REF!-BASE!#REF! -> #REF! | J12: =BASE!#REF!-BASE!#REF! -> #REF! | K12: =BASE!#REF!-BASE!#REF! -> #REF!
B13: Dividendes américains | C13: DYN2822 | E13: USE | F13: =BASE!#REF!-BASE!#REF! -> #REF! | G13: =BASE!#REF!-BASE!#REF! -> #REF! | I13: =BASE!#REF!-BASE!#REF! -> #REF! | J13: =BASE!#REF!-BASE!#REF! -> #REF! | K13: =BASE!#REF!-BASE!#REF! -> #REF!
B14: Mondial de dividendes | C14: DYN531 | D14: * | E14: GEB | F14: =BASE!#REF!-BASE!#REF! -> #REF! | G14: =BASE!#REF!-BASE!#REF! -> #REF! | I14: =BASE!#REF!-BASE!#REF! -> #REF! | J14: =BASE!#REF!-BASE!#REF! -> #REF! | K14: =BASE!#REF!-BASE!#REF! -> #REF!
A15: Dynamique | B15: Fonds de revenu de dividendes | C15: DYN316 | E15: CNB | F15: =BASE!G8-BASE!F8 -> -0.07979 | G15: =BASE!H8-BASE!G8 -> 0 | I15: =BASE!J8-BASE!I8 -> -0.14 | J15: =BASE!K8-BASE!J8 -> -0.0441 | K15: =BASE!L8-BASE!K8 -> 0.008
B16: Actions productives de revenus | C16: DYN729 | E16: CDIE | F16: =BASE!G9-BASE!F9 -> 0.01997 | G16: =BASE!H9-BASE!G9 -> -0.01927 | H16: =BASE!I9-BASE!H9 -> -0.02711 | I16: =BASE!J9-BASE!I9 -> 0.02854 | J16: =BASE!K9-BASE!J9 -> -0.0629 | K16: =BASE!L9-BASE!K9 -> 0.0143
B17: Rendement stratégique | C17: DYN1562 | E17: GNB | F17: =BASE!G10-BASE!F10 -> -0.04516 | G17: =BASE!H10-BASE!G10 -> 0.0016 | H17: =BASE!I10-BASE!H10 -> -0.03736 | I17: =BASE!J10-BASE!I10 -> 0.042 | J17: =BASE!K10-BASE!J10 -> -0.0303 | K17: =BASE!L10-BASE!K10 -> 0.0072
B18: Revenu mensuel américain | C18: DYN2474 | D18: * | E18: GEB | F18: =BASE!G11-BASE!F11 -> 0 | G18: =BASE!H11-BASE!G11 -> 0 | I18: =BASE!J11-BASE!I11 -> 0.06 | J18: =BASE!K11-BASE!J11 -> -0.0698 | K18: =BASE!L11-BASE!K11 -> -0.011
B19: Mondial répartition actifs | C19: DYN1662 | D19: * | E19: GEB | F19: =BASE!G12-BASE!F12 -> -0.17581 | G19: =BASE!H12-BASE!G12 -> 0 | H19: =BASE!I12-BASE!H12 -> 0 | J19: =BASE!K12-BASE!J12 -> -0.0473 | K19: =BASE!L12-BASE!K12 -> -0.0305
B20: Croissance US Power | C20: DYN709 | D20: * | E20: USE | F20: =BASE!#REF!-BASE!#REF! -> #REF! | G20: =BASE!#REF!-BASE!#REF! -> #REF! | I20: =BASE!#REF!-BASE!#REF! -> #REF! | J20: =BASE!#REF!-BASE!#REF! -> #REF! | K20: =BASE!#REF!-BASE!#REF! -> #REF!
B21: Valeur Canada Dynamique | C21: DYN740 | D21: * | E21: CFE | F21: =BASE!#REF!-BASE!#REF! -> #REF! | G21: =BASE!#REF!-BASE!#REF! -> #REF! | H21: =BASE!#REF!-BASE!#REF! -> #REF! | I21: =BASE!#REF!-BASE!#REF! -> #REF! | J21: =BASE!#REF!-BASE!#REF! -> #REF! | K21: =BASE!#REF!-BASE!#REF! -> #REF!
B22: Secteurs | E22: USE | F22: =BASE!G13-BASE!F13 -> 0 | G22: =BASE!H13-BASE!G13 -> 0 | H22: =BASE!I13-BASE!H13 -> 0 | I22: =BASE!J13-BASE!I13 -> 0 | J22: =BASE!K13-BASE!J13 -> 0
B23: Étoile du Nord Équilibré | C23: FID2349 | D23: * | E23: GNB | F23: =BASE!G14-BASE!F14 -> 0 | G23: =BASE!H14-BASE!G14 -> 0 | H23: =BASE!I14-BASE!H14 -> 0 | J23: =BASE!K14-BASE!J14 -> -0.0234 | K23: =BASE!L14-BASE!K14 -> -0.007
A24: fidelity | B24: Étoile du Nord | C24: FID553 | D24: * | E24: GSME | F24: =BASE!#REF!-BASE!#REF! -> #REF! | G24: =BASE!#REF!-BASE!#REF! -> #REF! | H24: =BASE!#REF!-BASE!#REF! -> #REF! | J24: =BASE!#REF!-BASE!#REF! -> #REF! | K24: =BASE!#REF!-BASE!#REF! -> #REF!
B25: Dividendes mondiaux | C25: FID1840 | D25: * | E25: GE | F25: =BASE!#REF!-BASE!#REF! -> #REF! | G25: =BASE!#REF!-BASE!#REF! -> #REF! | H25: =BASE!#REF!-BASE!#REF! -> #REF! | I25: =BASE!#REF!-BASE!#REF! -> #REF! | J25: =BASE!#REF!-BASE!#REF! -> #REF! | K25: =BASE!#REF!-BASE!#REF! -> #REF!
B26: Grande capitalisation | C26: FID831 | E26: CFE | F26: =BASE!G15-BASE!F15 -> -0.1136 | G26: =BASE!H15-BASE!G15 -> 0.09777 | H26: =BASE!I15-BASE!H15 -> -0.09777 | I26: =BASE!J15-BASE!I15 -> 0.0688 | J26: =BASE!K15-BASE!J15 -> -0.0263 | K26: =BASE!L15-BASE!K15 -> -0.0034
B27: Dividendes Plus | C27: FID523 | D27: * | E27: CFE | F27: =BASE!G16-BASE!F16 -> -0.02519 | G27: =BASE!H16-BASE!G16 -> -0.11154 | H27: =BASE!I16-BASE!H16 -> 0.08952 | I27: =BASE!J16-BASE!I16 -> 0.02518 | J27: =BASE!K16-BASE!J16 -> -0.0585 | K27: =BASE!L16-BASE!K16 -> 0.0049
B28: Titres US rendement élevé | C28: FID255 | D28: * | E28: HYFI | F28: =BASE!G17-BASE!F17 -> 0 | G28: =BASE!H17-BASE!G17 -> 0 | H28: =BASE!I17-BASE!H17 -> 0 | J28: =BASE!K17-BASE!J17 -> -0.0312 | K28: =BASE!L17-BASE!K17 -> -0.022
B29: Obligations de sociétés | C29: FID1634 | E29: CFI | F29: =BASE!G18-BASE!F18 -> 0 | G29: =BASE!H18-BASE!G18 -> 0 | H29: =BASE!I18-BASE!H18 -> 0 | I29: =BASE!J18-BASE!I18 -> 0.0286 | J29: =BASE!K18-BASE!J18 -> -0.0258 | K29: =BASE!L18-BASE!K18 -> 0.0023
B30: Revenu Mensuel | C30: FID569 | D30: * | E30: CNB | F30: =BASE!G19-BASE!F19 -> -0.08357 | G30: =BASE!H19-BASE!G19 -> 0 | H30: =BASE!I19-BASE!H19 -> 0 | J30: =BASE!K19-BASE!J19 -> -0.1991 | K30: =BASE!L19-BASE!K19 -> 0.0009
B31: Titres américains à rendement élevé | C31: FID555 | F31: =BASE!#REF!-BASE!#REF! -> #REF! | G31: =BASE!#REF!-BASE!#REF! -> #REF! | H31: =BASE!#REF!-BASE!#REF! -> #REF! | I31: =BASE!#REF!-BASE!#REF! -> #REF! | J31: =BASE!#REF!-BASE!#REF! -> #REF! | K31: =BASE!#REF!-BASE!#REF! -> #REF!
B32: Petite capitalisation | C32: FID574 | D32: * | E32: USSME | F32: =BASE!#REF!-BASE!#REF! -> #REF! | G32: =BASE!#REF!-BASE!#REF! -> #REF! | H32: =BASE!#REF!-BASE!#REF! -> #REF! | J32: =BASE!#REF!-BASE!#REF! -> #REF! | K32: =BASE!#REF!-BASE!#REF! -> #REF!
A33: Mackenzie | B33: revenu Mackenzie | C33: MRD236 | E33: CFIB | F33: =BASE!G21-BASE!F21 -> 0 | G33: =BASE!H21-BASE!G21 -> 0 | H33: =BASE!I21-BASE!H21 -> 0 | I33: =BASE!J21-BASE!I21 -> 0.0496 | J33: =BASE!#REF!-BASE!#REF! -> #REF! | K33: =BASE!#REF!-BASE!#REF! -> #REF!
B34: Canadien Obligation | C34: MRD509 | E34: CFI | F34: =BASE!#REF!-BASE!#REF! -> #REF! | G34: =BASE!#REF!-BASE!#REF! -> #REF! | H34: =BASE!#REF!-BASE!#REF! -> #REF! | I34: =BASE!#REF!-BASE!#REF! -> #REF! | J34: =BASE!K21-BASE!J21 -> -0.0292 | K34: =BASE!L21-BASE!K21 -> 0.0027
B35: Obligations mondiales convertibles Blue Bay | C35: RBF890 | E35: HYFI | F35: =BASE!G26-BASE!F26 -> 0.02294 | G35: =BASE!H26-BASE!G26 -> 0.00576 | H35: =BASE!I26-BASE!H26 -> -0.01531 | I35: =BASE!J26-BASE!I26 -> 0.00905 | J35: =BASE!#REF!-BASE!#REF! -> #REF! | K35: =BASE!#REF!-BASE!#REF! -> #REF!
B36: Americain de dividendes | C36: RBF129 | E36: USE | F36: =BASE!G29-BASE!F29 -> 0 | G36: =BASE!H29-BASE!G29 -> 0 | H36: =BASE!I29-BASE!H29 -> 0 | J36: =BASE!K26-BASE!J26 -> -0.0454 | K36: =BASE!L26-BASE!K26 -> 0.0045
A37: Royal RBC | B37: Portefeuille prudence | C37: RBF840 | E37: GNB | F37: =BASE!G31-BASE!F31 -> -0.00788 | G37: =BASE!H31-BASE!G31 -> -0.02432 | H37: =BASE!I31-BASE!H31 -> -0.07795 | I37: =BASE!J31-BASE!I31 -> 0.0909 | J37: =BASE!K29-BASE!J29 -> -0.1175 | K37: =BASE!L29-BASE!K29 -> -0.0302
B38: Mondial croissance dividendes | C38: RBF780 | D38: * | E38: IE | F38: =BASE!G32-BASE!F32 -> 0 | G38: =BASE!H32-BASE!G32 -> 0 | H38: =BASE!I32-BASE!H32 -> 0 | J38: =BASE!K31-BASE!J31 -> -0.081 | K38: =BASE!L31-BASE!K31 -> 0.0369
B39: Actions mondiales Jantzi | C39: RBF785 | D39: * | E39: GE | F39: =BASE!#REF!-BASE!#REF! -> #REF! | G39: =BASE!#REF!-BASE!#REF! -> #REF! | H39: =BASE!#REF!-BASE!#REF! -> #REF! | J39: =BASE!K32-BASE!J32 -> -0.25 | K39: =BASE!L32-BASE!K32 -> 0.1515
B40: Obligations mondiales rendement élevé | C40: RBF801 | E40: HYFI | F40: =BASE!#REF!-BASE!#REF! -> #REF! | G40: =BASE!#REF!-BASE!#REF! -> #REF! | H40: =BASE!#REF!-BASE!#REF! -> #REF! | I40: =BASE!#REF!-BASE!#REF! -> #REF! | J40: =BASE!#REF!-BASE!#REF! -> #REF! | K40: =BASE!#REF!-BASE!#REF! -> #REF!
B41: Obligations mondiales de société | C41: RBF853 | E41: GFI | F41: =BASE!#REF!-BASE!#REF! -> #REF! | G41: =BASE!#REF!-BASE!#REF! -> #REF! | H41: =BASE!#REF!-BASE!#REF! -> #REF! | I41: =BASE!#REF!-BASE!#REF! -> #REF! | J41: =BASE!#REF!-BASE!#REF! -> #REF! | K41: =BASE!#REF!-BASE!#REF! -> #REF!
B42: Équilibré croissance et de revenu | C42: RBF721 | F42: =BASE!#REF!-BASE!#REF! -> #REF! | G42: =BASE!#REF!-BASE!#REF! -> #REF! | H42: =BASE!#REF!-BASE!#REF! -> #REF! | I42: =BASE!#REF!-BASE!#REF! -> #REF! | J42: =BASE!#REF!-BASE!#REF! -> #REF! | K42: =BASE!#REF!-BASE!#REF! -> #REF!
B43: Obligations revenu mensuel | C43: RBF795 | D43: * | E43: CFI | F43: =BASE!#REF!-BASE!#REF! -> #REF! | G43: =BASE!#REF!-BASE!#REF! -> #REF! | H43: =BASE!#REF!-BASE!#REF! -> #REF! | I43: =BASE!#REF!-BASE!#REF! -> #REF! | J43: =BASE!#REF!-BASE!#REF! -> #REF! | K43: =BASE!#REF!-BASE!#REF! -> #REF!
B44: Actions US faible volatilité | C44: RBF818 | D44: * | E44: USE | F44: =BASE!#REF!-BASE!#REF! -> #REF! | G44: =BASE!#REF!-BASE!#REF! -> #REF! | H44: =BASE!#REF!-BASE!#REF! -> #REF! | J44: =BASE!#REF!-BASE!#REF! -> #REF! | K44: =BASE!#REF!-BASE!#REF! -> #REF!
B45: International croissance dividendes | C45: RBF803 | D45: * | E45: IE | F45: =BASE!#REF!-BASE!#REF! -> #REF! | G45: =BASE!#REF!-BASE!#REF! -> #REF! | H45: =BASE!#REF!-BASE!#REF! -> #REF! | J45: =BASE!#REF!-BASE!#REF! -> #REF! | K45: =BASE!#REF!-BASE!#REF! -> #REF!
B46: Obligations marchés émergents | C46: RBF897 | D46: * | E46: HYFI | F46: =BASE!#REF!-BASE!#REF! -> #REF! | G46: =BASE!#REF!-BASE!#REF! -> #REF! | H46: =BASE!#REF!-BASE!#REF! -> #REF! | J46: =BASE!#REF!-BASE!#REF! -> #REF! | K46: =BASE!#REF!-BASE!#REF! -> #REF!
B47: Revenu Canadien | C47: NCE117 | D47: * | E47: CFE | F47: =BASE!G34-BASE!F34 -> -0.02835 | G47: =BASE!H34-BASE!G34 -> -0.00656 | H47: =BASE!I34-BASE!H34 -> -0.0346 | I47: =BASE!J34-BASE!I34 -> 0.02435 | J47: =BASE!#REF!-BASE!#REF! -> #REF! | K47: =BASE!#REF!-BASE!#REF! -> #REF!
A48: Sentry | B48: Placement immobilier | C48: NCE305 | E48: REE | F48: =BASE!G35-BASE!F35 -> 0 | G48: =BASE!H35-BASE!G35 -> 0 | H48: =BASE!I35-BASE!H35 -> 0 | J48: =BASE!K34-BASE!J34 -> -0.0761 | K48: =BASE!L34-BASE!K34 -> -0.0024
B49: Revenu Diversifié | C49: NCE327 | D49: * | E49: CDIE | F49: =BASE!#REF!-BASE!#REF! -> #REF! | G49: =BASE!#REF!-BASE!#REF! -> #REF! | H49: =BASE!#REF!-BASE!#REF! -> #REF! | J49: =BASE!K35-BASE!J35 -> -0.0702 | K49: =BASE!L35-BASE!K35 -> 0.0471
B50: Infrastructures | C50: NCE330 | E50: GE | F50: =BASE!G36-BASE!F36 -> 0 | G50: =BASE!H36-BASE!G36 -> 0 | H50: =BASE!I36-BASE!H36 -> 0 | J50: =BASE!#REF!-BASE!#REF! -> #REF! | K50: =BASE!#REF!-BASE!#REF! -> #REF!
A51: Standard Life | B51: GAR | C51: SLI933S | E51: AS | F51: =BASE!G37-BASE!F37 -> -0.00566 | G51: =BASE!H37-BASE!G37 -> -0.03765 | H51: =BASE!I37-BASE!H37 -> 0.01708 | I51: =BASE!J37-BASE!I37 -> 0.0026 | J51: =BASE!K36-BASE!J36 -> -0.1075 | K51: =BASE!L36-BASE!K36 -> -0.0387
B52: Revenu Mensuel | C52: SLI115 | E52: CFIB | F52: =BASE!#REF!-BASE!#REF! -> #REF! | G52: =BASE!#REF!-BASE!#REF! -> #REF! | H52: =BASE!#REF!-BASE!#REF! -> #REF! | J52: =BASE!K37-BASE!J37 -> -0.0296 | K52: =BASE!L37-BASE!K37 -> -0.0194
B53: Rendement mondial Epoch | C53: TDB233 | E53: GE | F53: =BASE!G46-BASE!F46 -> -0.02093 | G53: =BASE!H46-BASE!G46 -> 0.02362 | H53: =BASE!I46-BASE!H46 -> -0.04016 | I53: =BASE!J46-BASE!I46 -> 0.08237 | J53: =BASE!#REF!-BASE!#REF! -> #REF! | K53: =BASE!#REF!-BASE!#REF! -> #REF!
A54: TD | B54: Mondial a faible volatilité | C54: TDB2542 | E54: GE | F54: =BASE!G47-BASE!F47 -> -0.05937 | G54: =BASE!H47-BASE!G47 -> 0.00551 | H54: =BASE!I47-BASE!H47 -> -0.02937 | I54: =BASE!J47-BASE!I47 -> 0.0471 | J54: =BASE!K46-BASE!J46 -> -0.081 | K54: =BASE!L46-BASE!K46 -> -0.0054
B55: Américain faible volatilité | C55: TDB2824 | D55: * | E55: USE | F55: =BASE!G48-BASE!F48 -> 0 | G55: =BASE!H48-BASE!G48 -> 0 | H55: =BASE!I48-BASE!H48 -> 0 | J55: =BASE!K47-BASE!J47 -> -0.0844 | K55: =BASE!L47-BASE!K47 -> 0.0041
B56: Équilibré de retraite | C56: TDB2762 | E56: GEB | F56: =BASE!#REF!-BASE!#REF! -> #REF! | G56: =BASE!#REF!-BASE!#REF! -> #REF! | H56: =BASE!#REF!-BASE!#REF! -> #REF! | I56: =BASE!#REF!-BASE!#REF! -> #REF! | J56: =BASE!K48-BASE!J48 -> -0.1097 | K56: =BASE!L48-BASE!K48 -> -0.2684
B57: Science de la santé | C57: TDB350 | D57: * | E57: SE | F57: =BASE!#REF!-BASE!#REF! -> #REF! | G57: =BASE!#REF!-BASE!#REF! -> #REF! | H57: =BASE!#REF!-BASE!#REF! -> #REF! | I57: =BASE!#REF!-BASE!#REF! -> #REF! | J57: =BASE!#REF!-BASE!#REF! -> #REF! | K57: =BASE!#REF!-BASE!#REF! -> #REF!
B58: Obligations canadiennes de base plus | C58: TDB696 | D58: * | E58: CFI | F58: =BASE!#REF!-BASE!#REF! -> #REF! | G58: =BASE!#REF!-BASE!#REF! -> #REF! | H58: =BASE!#REF!-BASE!#REF! -> #REF! | I58: =BASE!#REF!-BASE!#REF! -> #REF! | J58: =BASE!#REF!-BASE!#REF! -> #REF! | K58: =BASE!#REF!-BASE!#REF! -> #REF!
B59: Obligations rendement réel | C59: TDB775 | D59: * | E59: CIPFI | F59: =BASE!#REF!-BASE!#REF! -> #REF! | G59: =BASE!#REF!-BASE!#REF! -> #REF! | H59: =BASE!#REF!-BASE!#REF! -> #REF! | I59: =BASE!#REF!-BASE!#REF! -> #REF! | J59: =BASE!#REF!-BASE!#REF! -> #REF! | K59: =BASE!#REF!-BASE!#REF! -> #REF!
B60: Valeurs sures américaines | C60: TDB340 | D60: * | E60: USE | F60: =BASE!#REF!-BASE!#REF! -> #REF! | G60: =BASE!#REF!-BASE!#REF! -> #REF! | H60: =BASE!#REF!-BASE!#REF! -> #REF! | J60: =BASE!#REF!-BASE!#REF! -> #REF! | K60: =BASE!#REF!-BASE!#REF! -> #REF!
B61: Moyennes sociétés américaines | C61: TDB342 | D61: * | E61: USSME | F61: =BASE!#REF!-BASE!#REF! -> #REF! | G61: =BASE!#REF!-BASE!#REF! -> #REF! | H61: =BASE!#REF!-BASE!#REF! -> #REF! | J61: =BASE!#REF!-BASE!#REF! -> #REF! | K61: =BASE!#REF!-BASE!#REF! -> #REF!
B62: Communication et Divertissement | C62: TDB134 | D62: * | E62: GE | F62: =BASE!#REF!-BASE!#REF! -> #REF! | G62: =BASE!#REF!-BASE!#REF! -> #REF! | H62: =BASE!#REF!-BASE!#REF! -> #REF! | J62: =BASE!#REF!-BASE!#REF! -> #REF! | K62: =BASE!#REF!-BASE!#REF! -> #REF!
A63: Renaissance | B63: Optimal de revenu | C63: ATL050 | E63: CFIB | F63: =BASE!G50-BASE!F50 -> 0 | G63: =BASE!H50-BASE!G50 -> 0 | H63: =BASE!I50-BASE!H50 -> 0 | J63: =BASE!#REF!-BASE!#REF! -> #REF! | K63: =BASE!#REF!-BASE!#REF! -> #REF!
B64: revenu d'actions US | C64: ATL2487 | E64: USE | F64: =BASE!#REF!-BASE!#REF! -> #REF! | G64: =BASE!#REF!-BASE!#REF! -> #REF! | H64: =BASE!#REF!-BASE!#REF! -> #REF! | J64: =BASE!K50-BASE!J50 -> -0.0374 | K64: =BASE!L50-BASE!K50 -> 0.0077
B65: Actions internationales | C65: ATL1869 | E65: IE | F65: =BASE!#REF!-BASE!#REF! -> #REF! | G65: =BASE!#REF!-BASE!#REF! -> #REF! | H65: =BASE!#REF!-BASE!#REF! -> #REF! | J65: =BASE!#REF!-BASE!#REF! -> #REF! | K65: =BASE!#REF!-BASE!#REF! -> #REF!
B66: Sciences et technologies | C66: ATL1871 | D66: * | E66: GE | F66: =BASE!#REF!-BASE!#REF! -> #REF! | G66: =BASE!#REF!-BASE!#REF! -> #REF! | H66: =BASE!#REF!-BASE!#REF! -> #REF! | J66: =BASE!#REF!-BASE!#REF! -> #REF! | K66: =BASE!#REF!-BASE!#REF! -> #REF!
A67: Tempelton | B67: Revenu Diversifié | C67: TML3252 | F67: =BASE!G53-BASE!F53 -> 0 | G67: =BASE!H53-BASE!G53 -> 0 | H67: =BASE!I53-BASE!H53 -> 0 | J67: =BASE!#REF!-BASE!#REF! -> #REF! | K67: =BASE!#REF!-BASE!#REF! -> #REF!
F68: =BASE!G54-BASE!F54 -> 0 | G68: =BASE!H54-BASE!G54 -> 0 | H68: =BASE!I54-BASE!H54 -> 0 | I68: =BASE!J54-BASE!I54 -> 0 | J68: =BASE!K53-BASE!J53 -> -0.0224 | K68: =BASE!L53-BASE!K53 -> -0.0063
F69: =BASE!G55-BASE!F55 -> 0 | G69: =BASE!H55-BASE!G55 -> 0 | H69: =BASE!I55-BASE!H55 -> 0 | I69: =BASE!J55-BASE!I55 -> 0 | J69: =BASE!K54-BASE!J54 -> 0 | K69: =BASE!L54-BASE!K54 -> 0
F70: =BASE!#REF!-BASE!#REF! -> #REF! | G70: =BASE!#REF!-BASE!#REF! -> #REF! | H70: =BASE!#REF!-BASE!#REF! -> #REF! | I70: =BASE!#REF!-BASE!#REF! -> #REF! | J70: =BASE!K55-BASE!J55 -> 0 | K70: =BASE!L55-BASE!K55 -> 0
A73: SSQ Astra carnagie | F73: =BASE!#REF!-BASE!#REF! -> #REF! | G73: =BASE!#REF!-BASE!#REF! -> #REF! | H73: =BASE!#REF!-BASE!#REF! -> #REF! | I73: =BASE!#REF!-BASE!#REF! -> #REF!
A74: SSQ Fiera Capital | F74: =BASE!#REF!-BASE!#REF! -> #REF! | G74: =BASE!#REF!-BASE!#REF! -> #REF! | H74: =BASE!#REF!-BASE!#REF! -> #REF! | I74: =BASE!#REF!-BASE!#REF! -> #REF!
A75: SSQ Guardian Dividendes | F75: =BASE!#REF!-BASE!#REF! -> #REF! | G75: =BASE!#REF!-BASE!#REF! -> #REF! | H75: =BASE!#REF!-BASE!#REF! -> #REF! | I75: =BASE!#REF!-BASE!#REF! -> #REF!
A76: SSQ Astra Global Infrastructure | F76: =BASE!#REF!-BASE!#REF! -> #REF! | G76: =BASE!#REF!-BASE!#REF! -> #REF! | H76: =BASE!#REF!-BASE!#REF! -> #REF! | I76: =BASE!#REF!-BASE!#REF! -> #REF!
A77: SSQ Pimco Global Bond | F77: =BASE!#REF!-BASE!#REF! -> #REF! | G77: =BASE!#REF!-BASE!#REF! -> #REF! | H77: =BASE!#REF!-BASE!#REF! -> #REF! | I77: =BASE!#REF!-BASE!#REF! -> #REF!
A78: SSQ Triasima | F78: =BASE!#REF!-BASE!#REF! -> #REF! | G78: =BASE!#REF!-BASE!#REF! -> #REF! | H78: =BASE!#REF!-BASE!#REF! -> #REF! | I78: =BASE!#REF!-BASE!#REF! -> #REF!
G79: =BASE!#REF!-BASE!#REF! -> #REF! | H79: =BASE!#REF!-BASE!#REF! -> #REF! | I79: =BASE!#REF!-BASE!#REF! -> #REF!
A83: TSX | B83: TSX | F83: =BASE!#REF!-BASE!#REF! -> #REF! | G83: =BASE!#REF!-BASE!#REF! -> #REF! | H83: =BASE!#REF!-BASE!#REF! -> #REF! | I83: =BASE!#REF!-BASE!#REF! -> #REF!
A84: Dow Jones | B84: Dow Jones | F84: =BASE!#REF!-BASE!#REF! -> #REF! | G84: =BASE!#REF!-BASE!#REF! -> #REF! | H84: =BASE!#REF!-BASE!#REF! -> #REF! | I84: =BASE!#REF!-BASE!#REF! -> #REF!
A85: S&P 500 | B85: S&P 500 | F85: =BASE!#REF!-BASE!#REF! -> #REF! | G85: =BASE!#REF!-BASE!#REF! -> #REF! | H85: =BASE!#REF!-BASE!#REF! -> #REF! | I85: =BASE!#REF!-BASE!#REF! -> #REF!
G130: =BASE!#REF!-BASE!#REF! -> #REF!
G131: =BASE!#REF!-BASE!#REF! -> #REF!
G132: =BASE!#REF!-BASE!#REF! -> #REF!
G133: =BASE!#REF!-BASE!#REF! -> #REF!
G134: =BASE!#REF!-BASE!#REF! -> #REF!
G135: =BASE!#REF!-BASE!#REF! -> #REF!
G136: =BASE!#REF!-BASE!#REF! -> #REF!
G137: =BASE!#REF!-BASE!#REF! -> #REF!
G138: =BASE!#REF!-BASE!#REF! -> #REF!
G139: =BASE!#REF!-BASE!#REF! -> #REF!
G140: =BASE!#REF!-BASE!#REF! -> #REF!
G141: =BASE!#REF!-BASE!#REF! -> #REF!
... G148: =BASE!#REF!-BASE!#REF! -> #REF!
G149: =BASE!H56-BASE!G56 -> 0
G150: =BASE!H57-BASE!G57 -> 0
G151: =BASE!H58-BASE!G58 -> 0
G152: =BASE!H59-BASE!G59 -> 0
G153: =BASE!H60-BASE!G60 -> 0
G154: =BASE!H61-BASE!G61 -> 0
G155: =BASE!H62-BASE!G62 -> 0
G156: =BASE!H63-BASE!G63 -> 0
...

Sheet 2016-06-30
A2: CIES | B2: CODE | C2: grade CD | D2: TYPE | E2: NOM | F2: 42094 | G2: 42124 | H2: 42155 | I2: 42185 | J2: 42216 | K2: 42247 | L2: 42277 | M2: 42308 | N2: 42338 | O2: 42369 | P2: 2016-31-01 | Q2: 42429 | R2: 42460 | S2: 42490 | T2: 42521 | U2: 42551 | V2: 42582 | W2: 42613 | X2: 42643 | Y2: 42674 | Z2: 42704 | AA2: 42735 | AB2: 42766 | AC2: 42794 | AD2: 42825 | AE2: 42855 | AF2: 42886 | AG2: 42916 | AH2: 42947 | AI2: 42978
E3: ligne | F3: 0 | G3: 0 | H3: 0 | I3: 0 | J3: 0 | K3: 0 | L3: 0 | M3: 0 | N3: 0 | O3: 0 | P3: 0 | Q3: 0 | R3: 0 | S3: 0 | T3: 0 | U3: 0 | V3: 0 | W3: 0 | X3: 0 | Y3: 0 | Z3: 0 | AA3: 0 | AB3: 0 | AC3: 0 | AD3: 0 | AE3: 0 | AF3: 0 | AG3: 0 | AH3: 0 | AI3: 0 | AJ3: 0 | AK3: 0 | AL3: 0 | AM3: 0 | AN3: 0 | AO3: 0 | AP3: 0 | AQ3: 0 | AR3: 0 | AS3: 0 | AT3: 0 | AU3: 0 | AV3: 0 | AW3: 0 | AX3: 0 | AY3: 0 | AZ3: 0 | BA3: 0 | BB3: 0 | BC3: 0 | BD3: 0 | BE3: 0 | BF3: 0 | BG3: 0 | BH3: 0 | BI3: 0 | BJ3: 0 | BK3: 0 | BL3: 0 | BM3: 0 | BN3: 0 | BO3: 0 | BP3: 0 | BQ3: 0 | BR3: 0 | BS3: 0 | BT3: 0 | BU3: 0 | BV3: 0 | BW3: 0 | BX3: 0 | BY3: 0 | BZ3: 0 | CA3: 0 | CB3: 0 | CC3: 0 | CD3: 0 | CE3: 0 | CF3: 0 | CG3: 0
A4: CI | B4: CIG11462 | C4: a | D4: CDIE | E4: CI Cambridge Dividendes Canadiens | G4: =BASE!G4 -> 0 | H4: =BASE!H4 -> 0 | I4: =BASE!I4 -> 0 | J4: =BASE!J4 -> 0 | K4: =BASE!K4 -> 0 | L4: =BASE!L4 -> 0 | M4: =BASE!M4 -> 0 | N4: =BASE!N4 -> 0 | ... AI4: =BASE!AI4 -> 0.0844
A5: DYN | B5: DYN748 | C5: b | D5: CDIE | E5: Dyn Fonds de Dividendes | R5: 0.0188 | S5: 0.0156 | T5: 0.0468 | U5: 0.0614 | V5: =BASE!#REF! -> #REF! | W5: =BASE!#REF! -> #REF! | X5: =BASE!#REF! -> #REF! | Y5: =BASE!#REF! -> #REF! | Z5: =BASE!#REF! -> #REF! | AA5: =BASE!#REF! -> #REF! | AB5: =BASE!#REF! -> #REF! | AC5: =BASE!#REF! -> #REF! | ... AI5: =BASE!#REF! -> #REF!
A6: DYN | B6: DYN729 | C6: a | D6: CDIE | E6: Dyn Actions productives de revenus * | F6: 0.03387 | G6: 0.05384 | H6: 0.03457 | I6: 0.00746 | J6: 0.036 | K6: -0.0269 | L6: -0.0126 | M6: 0.0373 | N6: 0.0374 | O6: 0.016 | P6: -0.0009 | Q6: -0.0412 | R6: 0.0218 | S6: 0.0197 | T6: 0.0502 | U6: 0.0682 | V6: =BASE!V9 -> 0.0833 | W6: =BASE!W9 -> 0.1212 | X6: =BASE!X9 -> 0.1359 | Y6: =BASE!Y9 -> 0.0797 | Z6: =BASE!Z9 -> 0.0931 | AA6: =BASE!AA9 -> 0.1381 | AB6: =BASE!AB9 -> 0.1423 | AC6: =BASE!AC9 -> 0.1816 | AD6: =BASE!AD9 -> 0.1397 | AE6: =BASE!#REF! -> #REF! | AF6: =BASE!#REF! -> #REF! | AG6: =BASE!#REF! -> #REF! | AH6: =BASE!#REF! -> #REF! | AI6: =BASE!#REF! -> #REF!
B7: FID521 | D7: CDIE | E7: Fid Dividendes | T7: 0.046 | U7: 0.0733 | V7: 0.0653 | W7: 0.0838 | X7: 0.1005 | Y7: 0.0827 | Z7: 0.0882 | AA7: 0.1097 | AB7: 0.1033 | AC7: =BASE!#REF! -> #REF! | AD7: =BASE!#REF! -> #REF! | AE7: =BASE!#REF! -> #REF! | AF7: =BASE!#REF! -> #REF! | AG7: =BASE!#REF! -> #REF! | AH7: =BASE!#REF! -> #REF! | AI7: =BASE!#REF! -> #REF!
B8: RBF856 | D8: CDIE | E8: RBC Revenu d'actions canadiennes | AB8: 0.2306 | AC8: 0.2457 | AD8: =BASE!AD30 -> 0.12 | AE8: =BASE!AE30 -> 0.1582 | AF8: =BASE!AF30 -> 0.1193 | AG8: =BASE!AG30 -> 0.12 | AH8: =BASE!AH30 -> 0.0896 | AI8: =BASE!AI30 -> 0.0827
A9: Sentry | B9: NCE117 | C9: a | D9: CDIE | E9: Sen Revenu Canadien | F9: 0.14416 | G9: 0.11581 | H9: 0.10925 | I9: 0.07465 | J9: 0.099 | K9: 0.0229 | L9: 0.0205 | M9: 0.0296 | N9: 0.0188 | O9: 0.0037 | P9: -0.0262 | Q9: -0.042 | R9: -0.0068 | S9: -0.005 | T9: 0.0134 | U9: 0.0347 | V9: =BASE!V34 -> 0.0352 | W9: =BASE!W34 -> 0.0731 | X9: =BASE!X34 -> 0.0876 | Y9: =BASE!Y34 -> 0.0605 | Z9: =BASE!Z34 -> 0.066 | AA9: =BASE!AA34 -> 0.0949 | AB9: =BASE!AB34 -> 0.0803 | AC9: =BASE!AC34 -> 0.0998 | ... AI9: =BASE!AI34 -> 0.0132
A10: Manu | B10: MMF4429 | C10: a | D10: CDIE | E10: Manu Revenu de dividendes | R10: 0.0132 | S10: 0.0212 | T10: 0.0452 | U10: 0.0762 | V10: =BASE!V38 -> 0.1035 | W10: =BASE!W38 -> 0.1595 | X10: =BASE!X38 -> 0.1739 | Y10: =BASE!Y38 -> 0.1399 | Z10: =BASE!Z38 -> 0.1349 | AA10: =BASE!AA38 -> 0.1565 | AB10: =BASE!AB38 -> 0.1849 | AC10: =BASE!AC38 -> 0.1972 | AD10: =BASE!AD38 -> 0.1642 | AE10: =BASE!AE35 -> 0.0614 | AF10: =BASE!AF35 -> 0.0488 | AG10: =BASE!AG35 -> 0.0218 | AH10: =BASE!AH35 -> -0.0349 | AI10: =BASE!AI35 -> -0.0066
A12: CIES | B12: CODE | C12: grade CD | D12: TYPE | E12: NOM | F12: 42094 | G12: 42124 | H12: 42155 | I12: 42185 | J12: 42216 | K12: 42247 | L12: 42277 | M12: 42308 | N12: 42338 | O12: 42369 | P12: 2016-31-01 | Q12: 42429 | R12: 42460 | S12: 42490 | T12: 42521 | U12: 42551 | V12: 42582 | W12: 42613 | X12: 42643 | Y12: 42674 | Z12: 42704 | AA12: 42735 | AB12: 42766 | AC12: 42794 | AD12: 42825 | AE12: 42855 | AF12: 42886 | AG12: 42916 | AH12: 42947 | AI12: 42978
E13: ligne | F13: 0 | G13: 0 | H13: 0 | I13: 0 | J13: 0 | K13: 0 | L13: 0 | M13: 0 | N13: 0 | O13: 0 | P13: 0 | Q13: 0 | R13: 0 | S13: 0 | T13: 0 | U13: 0 | V13: 0 | W13: 0 | X13: 0 | Y13: 0 | Z13: 0 | AA13: 0 | AB13: 0 | AC13: 0 | AD13: 0 | AE13: 0 | AF13: 0 | AG13: 0 | AH13: 0 | AI13: 0 | AJ13: 0 | AK13: 0 | AL13: 0 | AM13: 0 | AN13: 0 | AO13: 0 | AP13: 0 | AQ13: 0 | AR13: 0 | AS13: 0 | AT13: 0 | AU13: 0 | AV13: 0 | AW13: 0 | AX13: 0 | AY13: 0 | AZ13: 0 | BA13: 0 | BB13: 0 | BC13: 0 | BD13: 0 | BE13: 0 | BF13: 0 | BG13: 0 | BH13: 0 | BI13: 0 | BJ13: 0 | BK13: 0 | BL13: 0 | BM13: 0 | BN13: 0 | BO13: 0 | BP13: 0 | BQ13: 0 | BR13: 0 | BS13: 0 | BT13: 0 | BU13: 0 | BV13: 0 | BW13: 0 | BX13: 0 | BY13: 0 | BZ13: 0 | CA13: 0 | CB13: 0 | CC13: 0 | CD13: 0 | CE13: 0 | CF13: 0 | CG13: 0
B14: CIG1425 | C14: c | D14: CE | E14: CI Placements Canadiens | G14: =BASE!G5 -> 0 | H14: =BASE!H5 -> 0 | I14: =BASE!I5 -> 0 | J14: =BASE!J5 -> 0 | K14: =BASE!K5 -> 0 | L14: =BASE!L5 -> 0 | M14: =BASE!M5 -> 0 | N14: =BASE!N5 -> -0.0183 | ... AI14: =BASE!AI5 -> 0.0694
B15: FID825 | D15: CE | E15: Frontière Nord | X15: 0.0787 | Y15: 0.0676 | Z15: 0.0667 | AA15: 0.0975 | AB15: 0.0996 | AC15: =BASE!#REF! -> #REF! | AD15: =BASE!#REF! -> #REF! | AE15: =BASE!#REF! -> #REF! | AF15: =BASE!#REF! -> #REF! | AG15: =BASE!#REF! -> #REF! | AH15: =BASE!#REF! -> #REF! | AI15: =BASE!#REF! -> #REF!
B16: RBF819 | C16: a | D16: CE | E16: RBC actions canadiennes à faible volatilité | R16: 0.0176 | S16: 0.0147 | T16: 0.0573 | U16: 0.0834 | V16: =BASE!#REF! -> #REF! | W16: =BASE!#REF! -> #REF! | X16: =BASE!#REF! -> #REF! | Y16: =BASE!#REF! -> #REF! | Z16: =BASE!#REF! -> #REF! | AA16: =BASE!#REF! -> #REF! | AB16: =BASE!#REF! -> #REF! | AC16: =BASE!#REF! -> #REF! | ... AI16: =BASE!#REF! -> #REF!
A18: CIES | B18: CODE | C18: grade CD | D18: TYPE | E18: NOM | F18: 42094 | G18: 42124 | H18: 42155 | I18: 42185 | J18: 42216 | K18: 42247 | L18: 42277 | M18: 42308 | N18: 42338 | O18: 42369 | P18: 2016-31-01 | Q18: 42429 | R18: 42460 | S18: 42490 | T18: 42521 | U18: 42551 | V18: 42582 | W18: 42613 | X18: 42643 | Y18: 42674 | Z18: 42704 | AA18: 42735 | AB18: 42766 | AC18: 42794 | AD18: 42825 | AE18: 42855 | AF18: 42886 | AG18: 42916 | AH18: 42947 | AI18: 42978
E19: ligne | F19: 0 | G19: 0 | H19: 0 | I19: 0 | J19: 0 | K19: 0 | L19: 0 | M19: 0 | N19: 0 | O19: 0 | P19: 0 | Q19: 0 | R19: 0 | S19: 0 | T19: 0 | U19: 0 | V19: 0 | W19: 0 | X19: 0 | Y19: 0 | Z19: 0 | AA19: 0 | AB19: 0 | AC19: 0 | AD19: 0 | AE19: 0 | AF19: 0 | AG19: 0 | AH19: 0 | AI19: 0 | AJ19: 0 | AK19: 0 | AL19: 0 | AM19: 0 | AN19: 0 | AO19: 0 | AP19: 0 | AQ19: 0 | AR19: 0 | AS19: 0 | AT19: 0 | AU19: 0 | AV19: 0 | AW19: 0 | AX19: 0 | AY19: 0 | AZ19: 0 | BA19: 0 | BB19: 0 | BC19: 0 | BD19: 0 | BE19: 0 | BF19: 0 | BG19: 0 | BH19: 0 | BI19: 0 | BJ19: 0 | BK19: 0 | BL19: 0 | BM19: 0 | BN19: 0 | BO19: 0 | BP19: 0 | BQ19: 0 | BR19: 0 | BS19: 0 | BT19: 0 | BU19: 0 | BV19: 0 | BW19: 0 | BX19: 0 | BY19: 0 | BZ19: 0 | CA19: 0 | CB19: 0 | CC19: 0 | CD19: 0 | CE19: 0 | CF19: 0 | CG19: 0
B20: DYN740 | D20: CFE | E20: Dyn Valeur Canada Dynamique | I20: 0.082 | J20: 0.105 | K20: 0.0244 | L20: -0.0057 | M20: -0.0089 | N20: 0.0034 | O20: -0.0183 | P20: -0.0494 | Q20: -0.1222 | R20: -0.1058 | S20: -0.071 | T20: -0.0598 | U20: -0.0535 | V20: -0.0462 | W20: -0.0017 | X20: 0.0431 | Y20: 0.04 | Z20: 0.0482 | AA20: 0.0769 | AB20: 0.0999 | AC20: =BASE!#REF! -> #REF! | AD20: =BASE!#REF! -> #REF! | AE20: =BASE!#REF! -> #REF! | AF20: =BASE!#REF! -> #REF! | AG20: =BASE!#REF! -> #REF! | AH20: =BASE!#REF! -> #REF! | AI20: =BASE!#REF! -> #REF!
B21: MFC613 | D21: CFE | E21: Mackenzie canadien Ivy | AA21: 0.1404 | AB21: 0.1305 | AC21: =BASE!#REF! -> #REF! | AD21: =BASE!#REF! -> #REF! | AE21: =BASE!#REF! -> #REF! | AF21: =BASE!#REF! -> #REF! | AG21: =BASE!#REF! -> #REF! | AH21: =BASE!#REF! -> #REF! | AI21: =BASE!#REF! -> #REF!
B22: RBF857 | D22: CFE | E22: RBC Nord-Américain Valeur | AB22: 0.162 | AC22: 0.204 | AD22: =BASE!#REF! -> #REF! | AE22: =BASE!#REF! -> #REF! | AF22: =BASE!#REF! -> #REF! | AG22: =BASE!#REF! -> #REF! | AH22: =BASE!#REF! -> #REF! | AI22: =BASE!#REF! -> #REF!
B23: FID831 | C23: a | D23: CFE | E23: Fid Grande capitalisation Canada | F23: 0.1136 | H23: 0.09777 | J23: 0.0688 | K23: 0.0425 | L23: 0.0391 | M23: 0.0732 | N23: 0.0455 | O23: 0.0338 | P23: 0.0054 | Q23: -0.0082 | R23: 0.0317 | S23: 0.0241 | T23: 0.0534 | U23: 0.0621 | V23: =BASE!V15 -> 0.0693 | W23: =BASE!W15 -> 0.0986 | X23: =BASE!X15 -> 0.1104 | Y23: =BASE!Y15 -> 0.0797 | Z23: =BASE!Z15 -> 0.0862 | AA23: =BASE!AA15 -> 0.0994 | AB23: =BASE!AB15 -> 0.0751 | AC23: =BASE!AC15 -> 0.0863 | ... AI23: =BASE!AI15 -> 0.0034
B24: FID565 | D24: CFE | E24: FID Expansion Canada | V24: 0.0252 | W24: 0.0949 | X24: 0.1707 | Y24: 0.1169 | Z24: 0.1044 | AA24: 0.1357 | AB24: 0.1925 | AC24: =BASE!#REF! -> #REF! | AD24: =BASE!#REF! -> #REF! | AE24: =BASE!#REF! -> #REF! | AF24: =BASE!#REF! -> #REF! | AG24: =BASE!#REF! -> #REF! | AH24: =BASE!#REF! -> #REF! | AI24: =BASE!#REF! -> #REF!
B25: FID523 | C25: a | D25: CFE | E25: Fid Dividendes Plus | F25: 0.13673 | G25: 0.11154 | I25: 0.08952 | J25: 0.1147 | K25: 0.0562 | L25: 0.0611 | M25: 0.0609 | N25: 0.0311 | O25: 0.021 | P25: -0.0185 | Q25: -0.0133 | R25: 0.0199 | S25: 0.0259 | T25: 0.0475 | U25: 0.0845 | V25: =BASE!V16 -> 0.0685 | W25: =BASE!W16 -> 0.0903 | X25: =BASE!X16 -> 0.103 | Y25: =BASE!Y16 -> 0.0751 | Z25: =BASE!Z16 -> 0.0756 | AA25: =BASE!AA16 -> 0.0856 | AB25: =BASE!AB16 -> 0.0636 | AC25: =BASE!AC16 -> 0.0797 | ... AI25: =BASE!AI16 -> -0.0001
A27: CIES | B27: CODE | D27: TYPE | E27: NOM | F27: 42094 | G27: 42124 | H27: 42155 | I27: 42185 | J27: 42216 | K27: 42247 | L27: 42277 | M27: 42308 | N27: 42338 | O27: 42369 | P27: 2016-31-01 | Q27: 42429 | R27: 42460 | S27: 42490 | T27: 42521 | U27: 42551 | V27: 42582 | W27: 42613 | X27: 42643 | Y27: 42674 | Z27: 42704 | AA27: 42735 | AB27: 42766 | AC27: 42794 | AD27: 42825 | AE27: 42855 | AF27: 42886 | AG27: 42916 | AH27: 42947 | AI27: 42978
E28: ligne | F28: 0 | G28: 0 | H28: 0 | I28: 0 | J28: 0 | K28: 0 | L28: 0 | M28: 0 | N28: 0 | O28: 0 | P28: 0 | Q28: 0 | R28: 0 | S28: 0 | T28: 0 | U28: 0 | V28: 0 | W28: 0 | X28: 0 | Y28: 0 | Z28: 0 | AA28: 0 | AB28: 0 | AC28: 0 | AD28: 0 | AE28: 0 | AF28: 0 | AG28: 0 | AH28: 0 | AI28: 0 | AJ28: 0 | AK28: 0 | AL28: 0 | AM28: 0 | AN28: 0 | AO28: 0 | AP28: 0 | AQ28: 0 | AR28: 0 | AS28: 0 | AT28: 0 | AU28: 0 | AV28: 0 | AW28: 0 | AX28: 0 | AY28: 0 | AZ28: 0 | BA28: 0 | BB28: 0 | BC28: 0 | BD28: 0 | BE28: 0 | BF28: 0 | BG28: 0 | BH28: 0 | BI28: 0 | BJ28: 0 | BK28: 0 | BL28: 0 | BM28: 0 | BN28: 0 | BO28: 0 | BP28: 0 | BQ28: 0 | BR28: 0 | BS28: 0 | BT28: 0 | BU28: 0 | BV28: 0 | BW28: 0 | BX28: 0 | BY28: 0 | BZ28: 0 | CA28: 0 | CB28: 0 | CC28: 0 | CD28: 0 | CE28: 0 | CF28: 0 | CG28: 0
B29: FID1634 | D29: CFI | E29: Fid Obligations de sociétés | J29: 0.0286 | K29: 0.0028 | L29: 0.0051 | M29: 0.0026 | N29: -0.0046 | O29: -0.0068 | P29: -0.0457 | Q29: -0.0531 | R29: -0.0293 | S29: -0.0051 | T29: -0.0016 | U29: =BASE!U18 -> 0.0171 | V29: =BASE!V18 -> 0.019 | W29: =BASE!W18 -> 0.0471 | X29: =BASE!X18 -> 0.0588 | Y29: =BASE!Y18 -> 0.0532 | Z29: =BASE!Z18 -> 0.035 | AA29: =BASE!AA18 -> 0.0397 | AB29: =BASE!AB18 -> 0.0556 | ... AI29: =BASE!AI18 -> 0.0118
B30: MRD509 | D30: CFI | E30: Mack Canadien Obligation | J30: 0.0477 | L30: 0.0344 | M30: 0.0259 | N30: 0.0113 | O30: 0.0182 | P30: -0.0081 | Q30: -0.0199 | R30: -0.0069 | S30: 0.0071 | T30: 0.0144 | U30: =BASE!#REF! -> #REF! | V30: =BASE!#REF! -> #REF! | W30: =BASE!#REF! -> #REF! | X30: =BASE!#REF! -> #REF! | Y30: =BASE!#REF! -> #REF! | Z30: =BASE!#REF! -> #REF! | AA30: =BASE!#REF! -> #REF! | AB30: =BASE!#REF! -> #REF! | ... AI30: =BASE!#REF! -> #REF!
B31: RBF895 | D31: CFI | E31: RBC Obligations revenu mensuel | J31: 0.048 | N31: 0.0215 | O31: 0.0241 | P31: -0.0062 | Q31: -0.0063 | R31: 0.0052 | S31: 0.0157 | T31: 0.0202 | U31: =BASE!#REF! -> #REF! | V31: =BASE!#REF! -> #REF! | W31: =BASE!#REF! -> #REF! | X31: =BASE!#REF! -> #REF! | Y31: =BASE!#REF! -> #REF! | Z31: =BASE!#REF! -> #REF! | AA31: =BASE!#REF! -> #REF! | AB31: =BASE!#REF! -> #REF! | ... AI31: =BASE!#REF! -> #REF!
B32: RBF6340 | D32: CFI | E32: PH&N obligations rendement global | Y32: 0.0539 | Z32: 0.0318 | AA32: 0.0175 | AB32: 0.0142 | AC32: =BASE!AC27 -> 0.0222 | AD32: =BASE!AD27 -> 0.025 | AE32: =BASE!AE27 -> 0.0268 | AF32: =BASE!AF27 -> 0.0259 | AG32: =BASE!AG27 -> -0.0032 | AH32: =BASE!AH27 -> -0.031 | AI32: =BASE!AI27 -> -0.0188
B33: RBF850 | D33: CFI | E33: RBC d'obligations Cseil | Y33: 0.0593 | Z33: 0.0358 | AA33: 0.0227 | AB33: 0.0198 | AC33: =BASE!AC28 -> 0.03 | AD33: =BASE!AD28 -> 0.0312 | AE33: =BASE!AE28 -> 0.0348 | AF33: =BASE!AF28 -> 0.0331 | AG33: =BASE!AG28 -> 0.0041 | AH33: =BASE!AH28 -> -0.0272 | AI33: =BASE!AI28 -> -0.0162
B34: PCA002 | D34: CFI | E34: SEI Revenu Canadien | AC34: 0.0324 | AD34: =BASE!AD41 -> 0.026 | AE34: =BASE!AE41 -> 0.0411 | AF34: =BASE!AF41 -> 0.0388 | AG34: =BASE!AG41 -> 0.0093 | AH34: =BASE!AH41 -> -0.0183 | AI34: =BASE!AI41 -> -0.0065
B35: TDB696 | D35: CFI | E35: TD Obligations canadiennes de base plus | F35: 0.07929 | G35: 0.06533 | H35: 0.05369 | I35: 0.04626 | J35: 0.0525 | K35: 0.0351 | L35: 0.0366 | M35: 0.0301 | N35: 0.0167 | O35: 0.0181 | P35: -0.0197 | Q35: -0.0187 | R35: -0.0058 | S35: 0.0048 | T35: 0.0144 | U35: =BASE!#REF! -> #REF! | V35: =BASE!#REF! -> #REF! | W35: =BASE!#REF! -> #REF! | X35: =BASE!#REF! -> #REF! | Y35: =BASE!#REF! -> #REF! | Z35: =BASE!#REF! -> #REF! | AA35: =BASE!#REF! -> #REF! | AB35: =BASE!#REF! -> #REF! | ... AI35: =BASE!#REF! -> #REF!
A37: CIES | B37: CODE | D37: TYPE | E37: NOM | F37: 42094 | G37: 42124 | H37: 42155 | I37: 42185 | J37: 42216 | K37: 42247 | L37: 42277 | M37: 42308 | N37: 42338 | O37: 42369 | P37: 2016-31-01 | Q37: 42429 | R37: 42460 | S37: 42490 | T37: 42521 | U37: 42551 | V37: 42582 | W37: 42613 | X37: 42643 | Y37: 42674 | Z37: 42704 | AA37: 42735 | AB37: 42766 | AC37: 42794 | AD37: 42825 | AE37: 42855 | AF37: 42886 | AG37: 42916 | AH37: 42947 | AI37: 42978
E38: ligne | F38: 0 | G38: 0 | H38: 0 | I38: 0 | J38: 0 | K38: 0 | L38: 0 | M38: 0 | N38: 0 | O38: 0 | P38: 0 | Q38: 0 | R38: 0 | S38: 0 | T38: 0 | U38: 0 | V38: 0 | W38: 0 | X38: 0 | Y38: 0 | Z38: 0 | AA38: 0 | AB38: 0 | AC38: 0 | AD38: 0 | AE38: 0 | AF38: 0 | AG38: 0 | AH38: 0 | AI38: 0 | AJ38: 0 | AK38: 0 | AL38: 0 | AM38: 0 | AN38: 0 | AO38: 0 | AP38: 0 | AQ38: 0 | AR38: 0 | AS38: 0 | AT38: 0 | AU38: 0 | AV38: 0 | AW38: 0 | AX38: 0 | AY38: 0 | AZ38: 0 | BA38: 0 | BB38: 0 | BC38: 0 | BD38: 0 | BE38: 0 | BF38: 0 | BG38: 0 | BH38: 0 | BI38: 0 | BJ38: 0 | BK38: 0 | BL38: 0 | BM38: 0 | BN38: 0 | BO38: 0 | BP38: 0 | BQ38: 0 | BR38: 0 | BS38: 0 | BT38: 0 | BU38: 0 | BV38: 0 | BW38: 0 | BX38: 0 | BY38: 0 | BZ38: 0 | CA38: 0 | CB38: 0 | CC38: 0 | CD38: 0 | CE38: 0 | CF38: 0 | CG38: 0
B39: DYN2432 | D39: CFIB | E39: Dyn Défensif Ultra | P39: 0.0068 | Q39: -0.0169 | R39: -0.0065 | S39: 0.0132 | T39: 0.0066 | U39: =BASE!#REF! -> #REF! | V39: =BASE!#REF! -> #REF! | W39: =BASE!#REF! -> #REF! | X39: =BASE!#REF! -> #REF! | Y39: =BASE!#REF! -> #REF! | Z39: =BASE!#REF! -> #REF! | AA39: =BASE!#REF! -> #REF! | AB39: =BASE!#REF! -> #REF! | ... AI39: =BASE!#REF! -> #REF!
A40: Mackenzie | B40: MRD236 | D40: CFIB | E40: Mack revenu Mackenzie | J40: 0.0496 | K40: 0.0204 | L40: 0.0231 | M40: 0.0341 | N40: 0.0194 | O40: 0.0206 | P40: -0.0263 | Q40: -0.038 | R40: -0.0116 | S40: -0.0052 | T40: 0.0053 | U40: =BASE!U21 -> 0.0303 | V40: =BASE!V21 -> 0.0315 | W40: =BASE!W21 -> 0.0618 | X40: =BASE!X21 -> 0.0771 | Y40: =BASE!Y21 -> 0.0603 | Z40: =BASE!Z21 -> 0.0563 | AA40: =BASE!AA21 -> 0.0612 | AB40: =BASE!AB21 -> 0.0633 | ... AI40: =BASE!AI21 -> 0.0185
B41: PCA035 | D41: CFIB | E41: SEI Modéré | AC41: 0.1007 | AD41: =BASE!AD43 -> 0.0833 | AE41: =BASE!AE43 -> 0.0985 | AF41: =BASE!AF43 -> 0.0812 | AG41: =BASE!AG43 -> 0.0591 | AH41: =BASE!AH43 -> 0.0048 | AI41: =BASE!AI43 -> 0.008
B42: TDB760 | D42: CFIB | E42: TD Portefeuille géré de revenu | S42: -0.0026 | T42: 0.0065 | U42: 0.0206 | V42: 0.0155 | W42: 0.0367 | X42: 0.0481 | Y42: 0.0289 | Z42: 0.0194 | AA42: 0.0158 | AB42: 0.0238 | AC42: =BASE!#REF! -> #REF! | AD42: =BASE!#REF! -> #REF! | AE42: =BASE!#REF! -> #REF! | AF42: =BASE!#REF! -> #REF! | AG42: =BASE!#REF! -> #REF! | AH42: =BASE!#REF! -> #REF! | AI42: =BASE!#REF! -> #REF!
B43: TDB2062 | D43: CFIB | E43: TD Revenu Équilibré Avantage | U43: 0.0281 | V43: 0.0212 | W43: 0.0458 | X43: 0.0556 | Y43: 0.0377 | Z43: 0.0258 | AA43: 0.0223 | AB43: 0.025 | AC43: =BASE!#REF! -> #REF! | AD43: =BASE!#REF! -> #REF! | AE43: =BASE!#REF! -> #REF! | AF43: =BASE!#REF! -> #REF! | AG43: =BASE!#REF! -> #REF! | AH43: =BASE!#REF! -> #REF! | AI43: =BASE!#REF! -> #REF!
B44: SLI115 | D44: CFIB | E44: Ideal porte conservateur | J44: 0.0431 | K44: 0.0232 | L44: 0.0234 | M44: 0.0363 | N44: 0.0242 | O44: 0.029 | P44: -0.0229 | Q44: -0.0498 | R44: -0.0278 | S44: -0.0211 | T44: =BASE!T39 -> 0 | U44: =BASE!U39 -> 0 | V44: =BASE!V39 -> 0 | W44: =BASE!W39 -> 0.0358 | X44: =BASE!X39 -> 0.0513 | Y44: =BASE!Y39 -> 0.026 | Z44: =BASE!Z39 -> 0.0113 | AA44: =BASE!AA39 -> 0.0161 | ... AI44: =BASE!AI39 -> 0.0195
A45: Renaissance | B45: ATL050 | D45: CFIB | E45: Ren Optimal de revenu | J45: 0.042 | K45: 0.0046 | L45: 0.0123 | M45: 0.0213 | N45: 0.0082 | O45: 0.0101 | P45: =BASE!P50 -> -0.038 | Q45: =BASE!Q50 -> -0.0556 | R45: =BASE!R50 -> -0.0203 | S45: =BASE!S50 -> -0.0106 | T45: =BASE!T50 -> 0.0044 | U45: =BASE!U50 -> 0.0252 | V45: =BASE!V50 -> 0.0295 | W45: =BASE!W50 -> 0.0583 | ... AI45: =BASE!AI50 -> 0.0251
A48: CIES | B48: CODE | D48: TYPE | E48: NOM | F48: 42094 | G48: 42124 | H48: 42155 | I48: 42185 | J48: 42216 | K48: 42247 | L48: 42277 | M48: 42308 | N48: 42338 | O48: 42369 | P48: 2016-31-01 | Q48: 42429 | R48: 42460 | S48: 42490 | T48: 42521 | U48: 42551 | V48: 42582 | W48: 42613 | X48: 42643 | Y48: 42674 | Z48: 42704 | AA48: 42735 | AB48: 42766 | AC48: 42794 | AD48: 42825 | AE48: 42855 | AF48: 42886 | AG48: 42916 | AH48: 42947 | AI48: 42978
E49: ligne | F49: 0 | G49: 0 | H49: 0 | I49: 0 | J49: 0 | K49: 0 | L49: 0 | M49: 0 | N49: 0 | O49: 0 | P49: 0 | Q49: 0 | R49: 0 | S49: 0 | T49: 0 | U49: 0 | V49: 0 | W49: 0 | X49: 0 | Y49: 0 | Z49: 0 | AA49: 0 | AB49: 0 | AC49: 0 | AD49: 0 | AE49: 0 | AF49: 0 | AG49: 0 | AH49: 0 | AI49: 0 | AJ49: 0 | AK49: 0 | AL49: 0 | AM49: 0 | AN49: 0 | AO49: 0 | AP49: 0 | AQ49: 0 | AR49: 0 | AS49: 0 | AT49: 0 | AU49: 0 | AV49: 0 | AW49: 0 | AX49: 0 | AY49: 0 | AZ49: 0 | BA49: 0 | BB49: 0 | BC49: 0 | BD49: 0 | BE49: 0 | BF49: 0 | BG49: 0 | BH49: 0 | BI49: 0 | BJ49: 0 | BK49: 0 | BL49: 0 | BM49: 0 | BN49: 0 | BO49: 0 | BP49: 0 | BQ49: 0 | BR49: 0 | BS49: 0 | BT49: 0 | BU49: 0 | BV49: 0 | BW49: 0 | BX49: 0 | BY49: 0 | BZ49: 0 | CA49: 0 | CB49: 0 | CC49: 0 | CD49: 0 | CE49: 0 | CF49: 0 | CG49: 0
A50: Dynamique | B50: DYN316 | D50: CNB | E50: Dyn Fonds de revenu de dividendes | F50: 0.07979 | I50: 0.187 | J50: 0.047 | K50: 0.0029 | L50: 0.0109 | M50: 0.0272 | N50: 0.0293 | O50: 0.0344 | P50: 0.0029 | Q50: -0.0364 | R50: -0.0161 | S50: -0.0111 | T50: -0.0016 | U50: =BASE!U8 -> 0.0188 | V50: =BASE!V8 -> 0.0136 | W50: =BASE!W8 -> 0.0375 | X50: =BASE!X8 -> 0.0448 | Y50: =BASE!Y8 -> 0.0289 | Z50: =BASE!Z8 -> 0.0196 | AA50: =BASE!AA8 -> 0.0275 | AB50: =BASE!AB8 -> 0.0269 | ... AI50: =BASE!AI8 -> 0.0212
B51: FID569 | D51: CNB | E51: Fid Revenu Mensuel | F51: 0.08357 | J51: 0.2228 | K51: 0.0237 | L51: 0.0246 | M51: 0.0354 | N51: 0.0174 | O51: 0.0115 | P51: -0.0199 | Q51: -0.0268 | R51: 0.0015 | S51: 0.0062 | T51: 0.021 | U51: =BASE!U19 -> 0.0435 | V51: =BASE!V19 -> 0.046 | W51: =BASE!W19 -> 0.0701 | X51: =BASE!X19 -> 0.0846 | Y51: =BASE!Y19 -> 0.0617 | Z51: =BASE!Z19 -> 0.0557 | AA51: =BASE!AA19 -> 0.0655 | AB51: =BASE!AB19 -> 0.0637 | ... AI51: =BASE!AI19 -> 0.0058
B52: FID282 | D52: CNB | E52: Fid Équilibré Canada | AA52: 0.0546 | AB52: 0.076 | AC52: =BASE!#REF! -> #REF! | AD52: =BASE!#REF! -> #REF! | AE52: =BASE!#REF! -> #REF! | AF52: =BASE!#REF! -> #REF! | AG52: =BASE!#REF! -> #REF! | AH52: =BASE!#REF! -> #REF! | AI52: =BASE!#REF! -> #REF!
B53: PCA036 | D53: CNB | E53: SEI Équilibré | AC53: 0.1286 | AD53: =BASE!AD44 -> 0.0979 | AE53: =BASE!AE44 -> 0.1189 | AF53: =BASE!AF44 -> 0.0987 | AG53: =BASE!AG44 -> 0.0829 | AH53: =BASE!AH44 -> 0.0429 | AI53: =BASE!AI44 -> 0.0441
A54: Méritage | B54: MTG423 | D54: CNB | E54: Méritage revenu équilibré | U54: 0.0226 | V54: 0.0327 | W54: 0.0651 | X54: 0.0824 | Y54: 0.0541 | Z54: 0.0537 | AA54: 0.071 | AB54: 0.0845 | AC54: =BASE!AC40 -> 0.1063 | AD54: =BASE!AD40 -> 0.0849 | AE54: =BASE!AE40 -> 0.092 | AF54: =BASE!AF40 -> 0.0745 | AG54: =BASE!AG40 -> 0.0598 | AH54: =BASE!AH40 -> 0.0276 | AI54: =BASE!AI40 -> 0.0291
B55: MMF483 | D55: CNB | E55: Manu Revenu Mensuel élevé | J55: =BASE!#REF! -> #REF! | K55: =BASE!#REF! -> #REF! | L55: =BASE!#REF! -> #REF! | M55: =BASE!#REF! -> #REF! | N55: =BASE!#REF! -> #REF! | O55: =BASE!#REF! -> #REF! | P55: =BASE!#REF! -> #REF! | Q55: =BASE!#REF! -> #REF! | ... AI55: =BASE!#REF! -> #REF!
A57: CIES | B57: CODE | D57: TYPE | E57: NOM | F57: 42094 | G57: 42124 | H57: 42155 | I57: 42185 | J57: 42216 | K57: 42247 | L57: 42277 | M57: 42308 | N57: 42338 | O57: 42369 | P57: 2016-31-01 | Q57: 42429 | R57: 42460 | S57: 42490 | T57: 42521 | U57: 42551 | V57: 42582 | W57: 42613 | X57: 42643 | Y57: 42674 | Z57: 42704 | AA57: 42735 | AB57: 42766 | AC57: 42794 | AD57: 42825 | AE57: 42855 | AF57: 42886 | AG57: 42916 | AH57: 42947 | AI57: 42978
E58: ligne | F58: 0 | G58: 0 | H58: 0 | I58: 0 | J58: 0 | K58: 0 | L58: 0 | M58: 0 | N58: 0 | O58: 0 | P58: 0 | Q58: 0 | R58: 0 | S58: 0 | T58: 0 | U58: 0 | V58: 0 | W58: 0 | X58: 0 | Y58: 0 | Z58: 0 | AA58: 0 | AB58: 0 | AC58: 0 | AD58: 0 | AE58: 0 | AF58: 0 | AG58: 0 | AH58: 0 | AI58: 0 | AJ58: 0 | AK58: 0 | AL58: 0 | AM58: 0 | AN58: 0 | AO58: 0 | AP58: 0 | AQ58: 0 | AR58: 0 | AS58: 0 | AT58: 0 | AU58: 0 | AV58: 0 | AW58: 0 | AX58: 0 | AY58: 0 | AZ58: 0 | BA58: 0 | BB58: 0 | BC58: 0 | BD58: 0 | BE58: 0 | BF58: 0 | BG58: 0 | BH58: 0 | BI58: 0 | BJ58: 0 | BK58: 0 | BL58: 0 | BM58: 0 | BN58: 0 | BO58: 0 | BP58: 0 | BQ58: 0 | BR58: 0 | BS58: 0 | BT58: 0 | BU58: 0 | BV58: 0 | BW58: 0 | BX58: 0 | BY58: 0 | BZ58: 0 | CA58: 0 | CB58: 0 | CC58: 0 | CD58: 0 | CE58: 0 | CF58: 0 | CG58: 0
B59: TDB967 | D59: CSTFI | E59: TD Obligations court terme | J59: =BASE!#REF! -> #REF! | K59: =BASE!#REF! -> #REF! | L59: =BASE!#REF! -> #REF! | M59: =BASE!#REF! -> #REF! | N59: =BASE!#REF! -> #REF! | O59: =BASE!#REF! -> #REF! | P59: =BASE!#REF! -> #REF! | Q59: =BASE!#REF! -> #REF! | ... AI59: =BASE!#REF! -> #REF!
A61: CIES | B61: CODE | D61: TYPE | E61: NOM | F61: 42094 | G61: 42124 | H61: 42155 | I61: 42185 | J61: 42216 | K61: 42247 | L61: 42277 | M61: 42308 | N61: 42338 | O61: 42369 | P61: 2016-31-01 | Q61: 42429 | R61: 42460 | S61: 42490 | T61: 42521 | U61: 42551 | V61: 42582 | W61: 42613 | X61: 42643 | Y61: 42674 | Z61: 42704 | AA61: 42735 | AB61: 42766 | AC61: 42794 | AD61: 42825 | AE61: 42855 | AF61: 42886 | AG61: 42916 | AH61: 42947 | AI61: 42978
E62: ligne | F62: 0 | G62: 0 | H62: 0 | I62: 0 | J62: 0 | K62: 0 | L62: 0 | M62: 0 | N62: 0 | O62: 0 | P62: 0 | Q62: 0 | R62: 0 | S62: 0 | T62: 0 | U62: 0 | V62: 0 | W62: 0 | X62: 0 | Y62: 0 | Z62: 0 | AA62: 0 | AB62: 0 | AC62: 0 | AD62: 0 | AE62: 0 | AF62: 0 | AG62: 0 | AH62: 0 | AI62: 0 | AJ62: 0 | AK62: 0 | AL62: 0 | AM62: 0 | AN62: 0 | AO62: 0 | AP62: 0 | AQ62: 0 | AR62: 0 | AS62: 0 | AT62: 0 | AU62: 0 | AV62: 0 | AW62: 0 | AX62: 0 | AY62: 0 | AZ62: 0 | BA62: 0 | BB62: 0 | BC62: 0 | BD62: 0 | BE62: 0 | BF62: 0 | BG62: 0 | BH62: 0 | BI62: 0 | BJ62: 0 | BK62: 0 | BL62: 0 | BM62: 0 | BN62: 0 | BO62: 0 | BP62: 0 | BQ62: 0 | BR62: 0 | BS62: 0 | BT62: 0 | BU62: 0 | BV62: 0 | BW62: 0 | BX62: 0 | BY62: 0 | BZ62: 0 | CA62: 0 | CB62: 0 | CC62: 0 | CD62: 0 | CE62: 0 | CF62: 0 | CG62: 0
B63: CIG1778 | D63: GE | E63: CI Fonds mondial de dividendes | J63: 0.1661 | K63: 0.1412 | L63: 0.0982 | M63: 0.1333 | N63: 0.1101 | O63: 0.1297 | P63: 0.0287 | Q63: -0.0568 | R63: -0.0487 | S63: -0.0227 | T63: -0.0091 | U63: =BASE!#REF! -> #REF! | V63: =BASE!#REF! -> #REF! | W63: =BASE!#REF! -> #REF! | X63: =BASE!#REF! -> #REF! | Y63: =BASE!#REF! -> #REF! | Z63: =BASE!#REF! -> #REF! | AA63: =BASE!#REF! -> #REF! | AB63: =BASE!#REF! -> #REF! | ... AI63: =BASE!#REF! -> #REF!
B64: CIG11456 | D64: GE | E64: CI Chefs de file mondiaux Black Creek | F64: =BASE!#REF! -> #REF! | G64: =BASE!#REF! -> #REF! | H64: =BASE!#REF! -> #REF! | I64: =BASE!#REF! -> #REF! | J64: =BASE!#REF! -> #REF! | K64: =BASE!#REF! -> #REF! | L64: =BASE!#REF! -> #REF! | M64: =BASE!#REF! -> #REF! | ... AI64: =BASE!#REF! -> #REF!
B65: FID1840 | D65: GE | E65: Fid Dividendes mondiaux | F65: =BASE!#REF! -> #REF! | G65: =BASE!#REF! -> #REF! | H65: =BASE!#REF! -> #REF! | I65: =BASE!#REF! -> #REF! | J65: =BASE!#REF! -> #REF! | K65: =BASE!#REF! -> #REF! | L65: =BASE!#REF! -> #REF! | M65: =BASE!#REF! -> #REF! | ... AI65: =BASE!#REF! -> #REF!
B66: FID507 | D66: GE | E66: Fid Actions mondiales concentré | Y66: 0.0673 | Z66: 0.0688 | AA66: 0.0686 | AB66: 0.1236 | AC66: =BASE!#REF! -> #REF! | AD66: =BASE!#REF! -> #REF! | AE66: =BASE!#REF! -> #REF! | AF66: =BASE!#REF! -> #REF! | AG66: =BASE!#REF! -> #REF! | AH66: =BASE!#REF! -> #REF! | AI66: =BASE!#REF! -> #REF!
B67: RBF785 | D67: GE | E67: RBC Actions mondiales Jantzi | F67: =BASE!#REF! -> #REF! | G67: =BASE!#REF! -> #REF! | H67: =BASE!#REF! -> #REF! | I67: =BASE!#REF! -> #REF! | J67: =BASE!#REF! -> #REF! | K67: =BASE!#REF! -> #REF! | L67: =BASE!#REF! -> #REF! | M67: =BASE!#REF! -> #REF! | ... AI67: =BASE!#REF! -> #REF!
B68: RBF017 | D68: GE | E68: RBF mondiales faible volatilité | T68: 0.1078 | U68: =BASE!#REF! -> #REF! | V68: =BASE!#REF! -> #REF! | W68: =BASE!#REF! -> #REF! | X68: =BASE!#REF! -> #REF! | Y68: =BASE!#REF! -> #REF! | Z68: =BASE!#REF! -> #REF! | AA68: =BASE!#REF! -> #REF! | AB68: =BASE!#REF! -> #REF! | ... AI68: =BASE!#REF! -> #REF!
B69: MMF4706 | D69: GE | E69: Manu Actions Mondiales | I69: =BASE!#REF! -> #REF! | J69: =BASE!#REF! -> #REF! | K69: =BASE!#REF! -> #REF! | L69: =BASE!#REF! -> #REF! | M69: =BASE!#REF! -> #REF! | N69: =BASE!#REF! -> #REF! | O69: =BASE!#REF! -> #REF! | P69: =BASE!#REF! -> #REF! | ... AI69: =BASE!#REF! -> #REF!
B70: TDB233 | D70: GE | E70: TD Rendement mondial Epoch | F70: =BASE!F46 -> 0.1489 | G70: =BASE!G46 -> 0.12797 | H70: =BASE!H46 -> 0.15159 | I70: =BASE!I46 -> 0.11143 | J70: =BASE!J46 -> 0.1938 | K70: =BASE!K46 -> 0.1128 | L70: =BASE!L46 -> 0.1074 | M70: =BASE!M46 -> 0.1312 | ... AI70: =BASE!AI46 -> 0.0296
A71: TD | B71: TDB2542 | D71: GE | E71: TD Mondial a faible volatilité | F71: =BASE!F47 -> 0.22483 | G71: =BASE!G47 -> 0.16546 | H71: =BASE!H47 -> 0.17097 | I71: =BASE!I47 -> 0.1416 | J71: =BASE!J47 -> 0.1887 | K71: =BASE!K47 -> 0.1043 | L71: =BASE!L47 -> 0.1084 | M71: =BASE!M47 -> 0.1256 | ... AI71: =BASE!AI47 -> 0.0289
B72: TDB134 | D72: GE | E72: TD Communication et Divertissement | F72: 0.17146 | G72: 0.14594 | H72: 0.19395 | I72: 0.18995 | J72: 0.3179 | K72: 0.2217 | L72: 0.1894 | M72: 0.2772 | N72: 0.255 | O72: 0.3161 | P72: 0.1544 | Q72: 0.0489 | R72: 0.0775 | S72: 0.074 | T72: 0.1006 | U72: =BASE!#REF! -> #REF! | V72: =BASE!#REF! -> #REF! | W72: =BASE!#REF! -> #REF! | X72: =BASE!#REF! -> #REF! | Y72: =BASE!#REF! -> #REF! | Z72: =BASE!#REF! -> #REF! | AA72: =BASE!#REF! -> #REF! | AB72: =BASE!#REF! -> #REF! | ... AI72: =BASE!#REF! -> #REF!
B73: AGF1217 | D73: GE | E73: AGF Elements Conservateur | AI73: 0.0186
B74: ATL1871 | D74: GE | E74: Ren Sciences et technologies | F74: =BASE!#REF! -> #REF! | G74: =BASE!#REF! -> #REF! | H74: =BASE!#REF! -> #REF! | I74: =BASE!#REF! -> #REF! | J74: =BASE!#REF! -> #REF! | K74: =BASE!#REF! -> #REF! | L74: =BASE!#REF! -> #REF! | M74: =BASE!#REF! -> #REF! | ... AI74: =BASE!#REF! -> #REF!
A76: CIES | B76: CODE | D76: TYPE | E76: NOM | F76: 42094 | G76: 42124 | H76: 42155 | I76: 42185 | J76: 42216 | K76: 42247 | L76: 42277 | M76: 42308 | N76: 42338 | O76: 42369 | P76: 2016-31-01 | Q76: 42429 | R76: 42460 | S76: 42490 | T76: 42521 | U76: 42551 | V76: 42582 | W76: 42613 | X76: 42643 | Y76: 42674 | Z76: 42704 | AA76: 42735 | AB76: 42766 | AC76: 42794 | AD76: 42825 | AE76: 42855 | AF76: 42886 | AG76: 42916 | AH76: 42947 | AI76: 42978
E77: ligne | F77: 0 | G77: 0 | H77: 0 | I77: 0 | J77: 0 | K77: 0 | L77: 0 | M77: 0 | N77: 0 | O77: 0 | P77: 0 | Q77: 0 | R77: 0 | S77: 0 | T77: 0 | U77: 0 | V77: 0 | W77: 0 | X77: 0 | Y77: 0 | Z77: 0 | AA77: 0 | AB77: 0 | AC77: 0 | AD77: 0 | AE77: 0 | AF77: 0 | AG77: 0 | AH77: 0 | AI77: 0 | AJ77: 0 | AK77: 0 | AL77: 0 | AM77: 0 | AN77: 0 | AO77: 0 | AP77: 0 | AQ77: 0 | AR77: 0 | AS77: 0 | AT77: 0 | AU77: 0 | AV77: 0 | AW77: 0 | AX77: 0 | AY77: 0 | AZ77: 0 | BA77: 0 | BB77: 0 | BC77: 0 | BD77: 0 | BE77: 0 | BF77: 0 | BG77: 0 | BH77: 0 | BI77: 0 | BJ77: 0 | BK77: 0 | BL77: 0 | BM77: 0 | BN77: 0 | BO77: 0 | BP77: 0 | BQ77: 0 | BR77: 0 | BS77: 0 | BT77: 0 | BU77: 0 | BV77: 0 | BW77: 0 | BX77: 0 | BY77: 0 | BZ77: 0 | CA77: 0 | CB77: 0 | CC77: 0 | CD77: 0 | CE77: 0 | CF77: 0 | CG77: 0
B78: CIG7710 | D78: GEB | E78: CI Portefeuille Équilibré | I78: =BASE!#REF! -> #REF! | J78: =BASE!#REF! -> #REF! | K78: =BASE!#REF! -> #REF! | L78: =BASE!#REF! -> #REF! | M78: =BASE!#REF! -> #REF! | N78: =BASE!#REF! -> #REF! | O78: =BASE!#REF! -> #REF! | P78: =BASE!#REF! -> #REF! | ... AI78: =BASE!#REF! -> #REF!
B79: DYN531 | D79: GEB | E79: Dyn Mondial de dividendes | F79: =BASE!#REF! -> #REF! | G79: =BASE!#REF! -> #REF! | H79: =BASE!#REF! -> #REF! | I79: =BASE!#REF! -> #REF! | J79: =BASE!#REF! -> #REF! | K79: =BASE!#REF! -> #REF! | L79: =BASE!#REF! -> #REF! | M79: =BASE!#REF! -> #REF! | ... AI79: =BASE!#REF! -> #REF!
B80: DYN2474 | D80: GEB | E80: Dyn Revenu mensuel américain | I80: 0.187 | J80: 0.247 | K80: 0.1772 | L80: 0.1662 | M80: 0.1308 | N80: 0.1223 | O80: 0.1126 | P80: 0.0477 | Q80: -0.0128 | R80: -0.0041 | S80: 0.0445 | T80: 0.0318 | U80: =BASE!U11 -> 0.0316 | V80: =BASE!V11 -> 0.0089 | W80: =BASE!W11 -> 0.0435 | X80: =BASE!X11 -> 0.0545 | Y80: =BASE!Y11 -> 0.0424 | Z80: =BASE!Z11 -> 0.0625 | AA80: =BASE!AA11 -> 0.0557 | AB80: =BASE!AB11 -> 0.0709 | ... AI80: =BASE!AI11 -> -0.0415
B81: DYN1662 | D81: GEB | E81: Dyn Mondial répartition actifs * | F81: =BASE!F12 -> 0.17581 | G81: =BASE!G12 -> 0 | H81: =BASE!H12 -> 0 | I81: =BASE!I12 -> 0 | J81: =BASE!J12 -> 0.255 | K81: =BASE!K12 -> 0.2077 | L81: =BASE!L12 -> 0.1772 | M81: =BASE!M12 -> 0.1938 | ... AI81: =BASE!AI12 -> 0.0712
B82: DYN9494 | D82: GEB | E82: Dyn Valeur Équilibré | F82: =BASE!#REF! -> #REF! | G82: =BASE!#REF! -> #REF! | H82: =BASE!#REF! -> #REF! | I82: =BASE!#REF! -> #REF! | J82: =BASE!#REF! -> #REF! | K82: =BASE!#REF! -> #REF! | L82: =BASE!#REF! -> #REF! | M82: =BASE!#REF! -> #REF! | ... AI82: =BASE!#REF! -> #REF!
B83: FID349 | D83: GEB | E83: Fid Répartition Mondiale | F83: =BASE!#REF! -> #REF! | G83: =BASE!#REF! -> #REF! | H83: =BASE!#REF! -> #REF! | I83: =BASE!#REF! -> #REF! | J83: =BASE!#REF! -> #REF! | K83: =BASE!#REF! -> #REF! | L83: =BASE!#REF! -> #REF! | M83: =BASE!#REF! -> #REF! | ... AI83: =BASE!#REF! -> #REF!
D84: GEB | E84: Mack Equilibré mondial | AA84: 0.0403 | AB84: 0.0477 | AC84: 0.0972 | AD84: =BASE!#REF! -> #REF! | AE84: =BASE!#REF! -> #REF! | AF84: =BASE!#REF! -> #REF! | AG84: =BASE!#REF! -> #REF! | AH84: =BASE!#REF! -> #REF! | AI84: =BASE!#REF! -> #REF!
B85: MFC2891 | D85: GEB | E85: Mack Symétrie Croissance | AH85: 0.0641 | AI85: 0.0641
B86: TDB2762 | D86: GEB | E86: TD Équilibré de retraite | F86: 0.09231 | G86: 0.06999 | H86: 0.06581 | I86: 0.04887 | J86: 0.0664 | K86: 0.0308 | L86: 0.0328 | M86: 0.0402 | N86: 0.0231 | O86: 0.026 | P86: -0.0122 | Q86: -0.033 | R86: -0.0105 | S86: -0.007 | T86: 0.001 | U86: =BASE!#REF! -> #REF! | V86: =BASE!#REF! -> #REF! | W86: =BASE!#REF! -> #REF! | X86: =BASE!#REF! -> #REF! | Y86: =BASE!#REF! -> #REF! | Z86: =BASE!#REF! -> #REF! | AA86: =BASE!#REF! -> #REF! | AB86: =BASE!#REF! -> #REF! | ... AI86: =BASE!#REF! -> #REF!
A88: CIES | B88: CODE | D88: TYPE | E88: NOM | F88: 42094 | G88: 42124 | H88: 42155 | I88: 42185 | J88: 42216 | K88: 42247 | L88: 42277 | M88: 42308 | N88: 42338 | O88: 42369 | P88: 2016-31-01 | Q88: 42429 | R88: 42460 | S88: 42490 | T88: 42521 | U88: 42551 | V88: 42582 | W88: 42613 | X88: 42643 | Y88: 42674 | Z88: 42704 | AA88: 42735 | AB88: 42766 | AC88: 42794 | AD88: 42825 | AE88: 42855 | AF88: 42886 | AG88: 42916 | AH88: 42947 | AI88: 42978
E89: ligne | F89: 0 | G89: 0 | H89: 0 | I89: 0 | J89: 0 | K89: 0 | L89: 0 | M89: 0 | N89: 0 | O89: 0 | P89: 0 | Q89: 0 | R89: 0 | S89: 0 | T89: 0 | U89: 0 | V89: 0 | W89: 0 | X89: 0 | Y89: 0 | Z89: 0 | AA89: 0 | AB89: 0 | AC89: 0 | AD89: 0 | AE89: 0 | AF89: 0 | AG89: 0 | AH89: 0 | AI89: 0 | AJ89: 0 | AK89: 0 | AL89: 0 | AM89: 0 | AN89: 0 | AO89: 0 | AP89: 0 | AQ89: 0 | AR89: 0 | AS89: 0 | AT89: 0 | AU89: 0 | AV89: 0 | AW89: 0 | AX89: 0 | AY89: 0 | AZ89: 0 | BA89: 0 | BB89: 0 | BC89: 0 | BD89: 0 | BE89: 0 | BF89: 0 | BG89: 0 | BH89: 0 | BI89: 0 | BJ89: 0 | BK89: 0 | BL89: 0 | BM89: 0 | BN89: 0 | BO89: 0 | BP89: 0 | BQ89: 0 | BR89: 0 | BS89: 0 | BT89: 0 | BU89: 0 | BV89: 0 | BW89: 0 | BX89: 0 | BY89: 0 | BZ89: 0 | CA89: 0 | CB89: 0 | CC89: 0 | CD89: 0 | CE89: 0 | CF89: 0 | CG89: 0
A90: BMO | B90: GGF97700 | D90: GFI | E90: FNB titres à revenu fixe | Q90: -0.0119 | R90: -0.0007 | S90: 0.0138 | T90: 0.0194 | U90: =BASE!#REF! -> #REF! | V90: =BASE!#REF! -> #REF! | W90: =BASE!#REF! -> #REF! | X90: =BASE!#REF! -> #REF! | Y90: =BASE!#REF! -> #REF! | Z90: =BASE!#REF! -> #REF! | AA90: =BASE!#REF! -> #REF! | AB90: =BASE!#REF! -> #REF! | ... AI90: =BASE!#REF! -> #REF!
B91: RBF853 | D91: GFI | E91: RBC Obligations mondiales de société | J91: 0.024 | K91: 0.0019 | L91: 0.0089 | M91: 0.0093 | N91: 0.0031 | O91: -0.0064 | P91: -0.03 | Q91: -0.0237 | R91: -0.003 | S91: 0.0109 | T91: 0.0177 | U91: =BASE!#REF! -> #REF! | V91: =BASE!#REF! -> #REF! | W91: =BASE!#REF! -> #REF! | X91: =BASE!#REF! -> #REF! | Y91: =BASE!#REF! -> #REF! | Z91: =BASE!#REF! -> #REF! | AA91: =BASE!#REF! -> #REF! | AB91: =BASE!#REF! -> #REF! | ... AI91: =BASE!#REF! -> #REF!
B92: MFC1870 | D92: GFI | E92: Mack Symétrie Revenu Fix | AH92: -0.0172 | AI92: -0.0172
A93: Tempelton | B93: TML734 | D93: GFI | E93: Temp Mondial Obligations Tempelton | P93: -0.001 | Q93: -0.0312 | R93: 0.0255 | S93: -0.0131 | T93: -0.0135 | U93: =BASE!U52 -> 0 | V93: =BASE!V52 -> -0.0038 | W93: =BASE!W52 -> 0.0196 | X93: =BASE!X52 -> 0.0294 | Y93: =BASE!Y52 -> 0.0524 | Z93: =BASE!Z52 -> -0.0085 | AA93: =BASE!AA52 -> -0.0168 | AB93: =BASE!AB52 -> -0.0209 | ... AI93: =BASE!AI52 -> 0.0206
A94: BMO | B94: GGF97494 | D94: GFI | E94: BMO FNB plus Revenu Fix | AB94: 0.0193 | AC94: =BASE!#REF! -> #REF! | AD94: =BASE!#REF! -> #REF! | AE94: =BASE!#REF! -> #REF! | AF94: =BASE!#REF! -> #REF! | AG94: =BASE!#REF! -> #REF! | AH94: =BASE!#REF! -> #REF! | AI94: =BASE!#REF! -> #REF!
A95: BMO | B95: GGF97220 | D95: GFI | E95: BMO FNB mondial obligation gestion active | AB95: -0.0476 | AC95: =BASE!#REF! -> #REF! | AD95: =BASE!#REF! -> #REF! | AE95: =BASE!#REF! -> #REF! | AF95: =BASE!#REF! -> #REF! | AG95: =BASE!#REF! -> #REF! | AH95: =BASE!#REF! -> #REF! | AI95: =BASE!#REF! -> #REF!
A102: CIES | B102: CODE | D102: TYPE | E102: NOM | F102: 42094 | G102: 42124 | H102: 42155 | I102: 42185 | J102: 42216 | K102: 42247 | L102: 42277 | M102: 42308 | N102: 42338 | O102: 42369 | P102: 2016-31-01 | Q102: 42429 | R102: 42460 | S102: 42490 | T102: 42521 | U102: 42551 | V102: 42582 | W102: 42613 | X102: 42643 | Y102: 42674 | Z102: 42704 | AA102: 42735 | AB102: 42766 | AC102: 42794 | AD102: 42825 | AE102: 42855 | AF102: 42886 | AG102: 42916 | AH102: 42947 | AI102: 42978
E103: ligne | F103: 0 | G103: 0 | H103: 0 | I103: 0 | J103: 0 | K103: 0 | L103: 0 | M103: 0 | N103: 0 | O103: 0 | P103: 0 | Q103: 0 | R103: 0 | S103: 0 | T103: 0 | U103: 0 | V103: 0 | W103: 0 | X103: 0 | Y103: 0 | Z103: 0 | AA103: 0 | AB103: 0 | AC103: 0 | AD103: 0 | AE103: 0 | AF103: 0 | AG103: 0 | AH103: 0 | AI103: 0 | AJ103: 0 | AK103: 0 | AL103: 0 | AM103: 0 | AN103: 0 | AO103: 0 | AP103: 0 | AQ103: 0 | AR103: 0 | AS103: 0 | AT103: 0 | AU103: 0 | AV103: 0 | AW103: 0 | AX103: 0 | AY103: 0 | AZ103: 0 | BA103: 0 | BB103: 0 | BC103: 0 | BD103: 0 | BE103: 0 | BF103: 0 | BG103: 0 | BH103: 0 | BI103: 0 | BJ103: 0 | BK103: 0 | BL103: 0 | BM103: 0 | BN103: 0 | BO103: 0 | BP103: 0 | BQ103: 0 | BR103: 0 | BS103: 0 | BT103: 0 | BU103: 0 | BV103: 0 | BW103: 0 | BX103: 0 | BY103: 0 | BZ103: 0 | CA103: 0 | CB103: 0 | CC103: 0 | CD103: 0 | CE103: 0 | CF103: 0 | CG103: 0
B104: CIG7745 | D104: GFIB | E104: CI Série Portefeuille de revenu | F104: =BASE!F7 -> 0 | G104: =BASE!G7 -> 0 | H104: =BASE!H7 -> 0 | I104: =BASE!I7 -> 0 | J104: =BASE!J7 -> 0 | K104: =BASE!K7 -> 0 | L104: =BASE!L7 -> 0 | M104: =BASE!M7 -> 0.0502 | ... AI104: =BASE!AI7 -> 0.0113
B105: AGF1235 | D105: GFIB | E105: AGF Elements Yelds Cat Q | AH105: 0.0115 | AI105: 0.0115
B106: AGF260 | D106: GFIB | E106: AGF global equity class Cat Q | AH106: 0.0173 | AI106: 0.0173
B107: MFC3979 | D107: GFIB | E107: Mack Symétrie Revenu Prudent | AH107: 0.0127 | AI107: 0.0127
B108: MFC2912 | D108: GFIB | E108: Mack Symétrie Prudent | AH108: 0.0181 | AI108: 0.0181
B109: TML3252 | D109: GFIB | E109: Temp Revenu Diversifié | J109: 0.0497 | K109: 0.0273 | L109: 0.021 | M109: 0.0264 | N109: 0.0194 | O109: 0.03 | P109: -0.028 | Q109: -0.0529 | R109: -0.0328 | S109: -0.0241 | T109: -0.0154 | U109: 0.0019 | V109: 0.0028 | W109: 0.0308 | X109: 0.0463 | Y109: 0.0363 | Z109: 0.0186 | AC109: 0.0636 | AD109: =AVERAGE(F109:AA109) -> 0.0092529412 | AE109: =AVERAGE(G109:AB109) -> 0.0092529412 | AF109: =AVERAGE(H109:AC109) -> 0.012272222 | AG109: =AVERAGE(I109:AD109) -> 0.012113313 | AH109: =AVERAGE(J109:AE109) -> 0.011970294 | AI109: =AVERAGE(K109:AF109) -> 0.010098905
B110: FID2582 | D110: GFIB | E110: FID Global income Portfolio | Y110: 0.0452 | Z110: 0.0183 | AA110: 0.0091 | AB110: 0.009
B111: FID2502 | D111: GFIB | E111: Fid Portefeuille Revenu mondial | O111: 0.0908 | P111: 0.0178 | Q111: -0.0123 | R111: -0.0067 | S111: 0.0076 | T111: 0.0193 | U111: =BASE!#REF! -> #REF! | V111: =BASE!#REF! -> #REF! | W111: =BASE!#REF! -> #REF! | X111: =BASE!#REF! -> #REF! | Y111: =BASE!#REF! -> #REF! | Z111: =BASE!#REF! -> #REF! | AA111: =BASE!#REF! -> #REF! | AB111: =BASE!#REF! -> #REF! | ... AI111: =BASE!#REF! -> #REF!
A114: CIES | B114: CODE | D114: TYPE | E114: NOM | F114: 42094 | G114: 42124 | H114: 42155 | I114: 42185 | J114: 42216 | K114: 42247 | L114: 42277 | M114: 42308 | N114: 42338 | O114: 42369 | P114: 2016-31-01 | Q114: 42429 | R114: 42460 | S114: 42490 | T114: 42521 | U114: 42551 | V114: 42582 | W114: 42613 | X114: 42643 | Y114: 42674 | Z114: 42704 | AA114: 42735 | AB114: 42766 | AC114: 42794 | AD114: 42825 | AE114: 42855 | AF114: 42886 | AG114: 42916 | AH114: 42947 | AI114: 42978
E115: ligne | F115: 0 | G115: 0 | H115: 0 | I115: 0 | J115: 0 | K115: 0 | L115: 0 | M115: 0 | N115: 0 | O115: 0 | P115: 0 | Q115: 0 | R115: 0 | S115: 0 | T115: 0 | U115: 0 | V115: 0 | W115: 0 | X115: 0 | Y115: 0 | Z115: 0 | AA115: 0 | AB115: 0 | AC115: 0 | AD115: 0 | AE115: 0 | AF115: 0 | AG115: 0 | AH115: 0 | AI115: 0 | AJ115: 0 | AK115: 0 | AL115: 0 | AM115: 0 | AN115: 0 | AO115: 0 | AP115: 0 | AQ115: 0 | AR115: 0 | AS115: 0 | AT115: 0 | AU115: 0 | AV115: 0 | AW115: 0 | AX115: 0 | AY115: 0 | AZ115: 0 | BA115: 0 | BB115: 0 | BC115: 0 | BD115: 0 | BE115: 0 | BF115: 0 | BG115: 0 | BH115: 0 | BI115: 0 | BJ115: 0 | BK115: 0 | BL115: 0 | BM115: 0 | BN115: 0 | BO115: 0 | BP115: 0 | BQ115: 0 | BR115: 0 | BS115: 0 | BT115: 0 | BU115: 0 | BV115: 0 | BW115: 0 | BX115: 0 | BY115: 0 | BZ115: 0 | CA115: 0 | CB115: 0 | CC115: 0 | CD115: 0 | CE115: 0 | CF115: 0 | CG115: 0
A116: BMO | B116: GGF98495 | D116: GNB | E116: BMO FNB Revenu Equilibré | AB116: 0.0591 | AC116: =BASE!#REF! -> #REF! | AD116: =BASE!#REF! -> #REF! | AE116: =BASE!#REF! -> #REF! | AF116: =BASE!#REF! -> #REF! | AG116: =BASE!#REF! -> #REF! | AH116: =BASE!#REF! -> #REF! | AI116: =BASE!#REF! -> #REF!
A117: CI | B117: CIG1775 | D117: GNB | E117: CI Portefeuille prudent | F117: 0.09856 | G117: 0.08623 | H117: 0.0881 | J117: 0.068 | K117: 0.0436 | L117: 0.0381 | M117: 0.0494 | N117: 0.0356 | O117: 0.0407 | P117: -0.0159 | Q117: -0.0484 | R117: -0.0379 | S117: -0.0259 | T117: -0.0123 | U117: =BASE!#REF! -> #REF! | V117: =BASE!#REF! -> #REF! | W117: =BASE!#REF! -> #REF! | X117: =BASE!#REF! -> #REF! | Y117: =BASE!#REF! -> #REF! | Z117: =BASE!#REF! -> #REF! | AA117: =BASE!#REF! -> #REF! | AB117: =BASE!#REF! -> #REF! | ... AI117: =BASE!#REF! -> #REF!
B118: CIG2111 | D118: GNB | E118: CI Fds mondial de croissance et de revenu | F118: 0.16733 | G118: 0.12661 | H118: 0.15656 | I118: 0.049 | J118: 0.1372 | K118: 0.1199 | L118: 0.1061 | M118: 0.0971 | N118: 0.078 | O118: 0.1046 | P118: 0.0072 | Q118: -0.0382 | R118: -0.0718 | S118: -0.0428 | T118: -0.0455 | U118: =BASE!#REF! -> #REF! | V118: =BASE!#REF! -> #REF! | W118: =BASE!#REF! -> #REF! | X118: =BASE!#REF! -> #REF! | Y118: =BASE!#REF! -> #REF! | Z118: =BASE!#REF! -> #REF! | AA118: =BASE!#REF! -> #REF! | AB118: =BASE!#REF! -> #REF! | ... AI118: =BASE!#REF! -> #REF!
B119: DYN1562 | D119: GNB | E119: Dyn Rendement stratégique | F119: 0.08092 | G119: 0.03576 | H119: 0.03736 | J119: 0.042 | K119: 0.0117 | L119: 0.0189 | M119: 0.0329 | N119: 0.0357 | O119: 0.0465 | P119: 0.0083 | Q119: -0.03 | R119: -0.0165 | S119: -0.0042 | T119: 0.003 | U119: =BASE!U10 -> 0.0171 | V119: =BASE!V10 -> 0.0102 | W119: =BASE!W10 -> 0.0306 | X119: =BASE!X10 -> 0.0391 | Y119: =BASE!Y10 -> 0.0276 | Z119: =BASE!Z10 -> 0.0204 | AA119: =BASE!AA10 -> 0.0228 | AB119: =BASE!AB10 -> 0.0227 | ... AI119: =BASE!AI10 -> 0.0273
...

Sheet Tableaux
A2: CDIE
A62: CE
A128: CFE
A142: CFI
A204: CFIB
A275: CNB
A335: GE
A416: GEB
A449: GFI
A480: GFIB
A604: HYFI
A641: IE
... A712: TB

Sheet Feuil1

Sheet Feuil2
A2: Type | B2: Abréviation
A3: Alternative Strategies | B3: AS
A4: Canadian Dividend and Income Eq | B4: CDIE
A5: Canadian Equity | B5: CE
A6: Canadian Focused Equity | B6: CFE
A7: Canadian Fixed Income | B7: CFI
A8: Canadian Fixed Income Balanced | B8: CFIB
A9: Canadian Inflation Protected Fixed Income | B9: CIPFI
A10: Canadian Neutral Balanced | B10: CNB
A11: Canadian Short term fix income | B11: CSTFI
A12: Global Equity | B12: GE
A13: Global Equity Balanced | B13: GEB
... A26: Miscellanous | B26: M
